 Dungeon Crawl Stone Soup version 0.15.2 (webtiles) character file.

580036 senatorankhstrong the Sensei (level 25, -5/221 HPs)
             Began as a Mummy Monk on Nov 5, 2015.
             Slain by a jiangshi (12 damage)
             ... summoned by a greater mummy
             ... on Level 2 of the Tomb of the Ancients on Nov 23, 2015.
             The game lasted 20:02:13 (190445 turns).

senatorankhstrong the Sensei (Mummy Monk)         Turns: 190445, Time: 20:02:14

HP  -5/221       AC 12     Str 19      XL: 25   Next: 90%
MP  22/22        EV 30     Int 11      God:
Gold 4397        SH 17     Dex 25      Spells:  0 memorised, 28 levels left

rFire  + . .     SeeInvis +       - Unarmed
rCold  + + .     Clarity  .     (no armour)
rNeg   + + +     rCorr    .     A - +2 shield of Resistance {rF+ rC+ MR+}
rPois  +         rRot     +     m - +3 crown of Dyrovepreva {rElec Int+2 SInv}
rElec  +         Spirit   .     l - +2 cloak {MR+} (curse)
SustAb .         Warding  .     o - +2 pair of gloves {Dex+3} (curse)
rMut   .         Stasis   .     B - +2 pair of boots {notfast}
Gourm  .                        t - amulet of faith {allowed}
MR     +++++                    M - +5 ring of strength
                                L - cursed ring of protection from fire

@: about to teleport, almost entirely resistant to hostile enchantments, very
stealthy
A: no food or potions, fire vulnerability, in touch with death, restore body,
cold resistance 1, negative energy resistance 3, poison resistance, torment
resistance, unbreathing
a: Self-Restoration
}: 3/15 runes: decaying, abyssal, gossamer


You were on level 2 of the Tomb of the Ancients.
You were not hungry.

You visited 10 branches of the dungeon, and saw 55 of its levels.
You visited the Abyss 1 time.
You visited 1 bazaar.
You also visited: Trove, Ice Cave and Wizlab.

You collected 7844 gold pieces.
You spent 3447 gold pieces at shops.


Innate Abilities, Weirdness & Mutations

You do not eat or drink.
Your flesh is vulnerable to fire.
You are in touch with the powers of death.
You can restore your body by infusing magical energy.
Your flesh is cold resistant.
You are immune to negative energy.
Your system is resistant to poisons.
You are immune to unholy pain and torment.
You can survive without breathing.


   Skills:
 - Level 23.0 Fighting
 - Level 15.6 Dodging
 - Level 13.4 Stealth
 - Level 15.0 Shields
 + Level 23.1 Unarmed Combat
 - Level 2.0 Spellcasting


You had 28 spell levels left.
You didn't know any spells.

Inventory:

Hand weapons
 S - the cursed +4 arc blade {discharge, rElec}
   (You found it on level 14 of the Dungeon)

   It insulates you from electricity.
   It has a curse placed upon it.
Armour
 l - a cursed +2 cloak of magic resistance (worn)
 m - the cursed +3 crown of Dyrovepreva (worn) {rElec Int+2 SInv}
   (You bought it in a shop in a bazaar)

   It affects your intelligence (+2).
   It insulates you from electricity.
   It enhances your eyesight.
   It has a curse placed upon it.
 o - a cursed +2 pair of gloves of dexterity (worn)
 A - the cursed +2 shield of Resistance (worn) {rF+ rC+ MR+}
   (You bought it in a shop in a bazaar)

   It protects you from fire.
   It protects you from cold.
   It affects your resistance to hostile enchantments.
   It has a curse placed upon it.
 B - a +2 pair of boots (worn) {notfast}
 C - the cursed +1 ratskin cloak {rPois rN+ Dex-1 Int-1, I GUESS}
   (You acquired it on level 5 of the Lair of Beasts)

   It affects your intelligence (-1).
   It affects your dexterity (-1).
   It protects you from poison.
   It protects you from negative energy.
   It has a curse placed upon it.
 I - the cursed +1 pair of boots of Higak {+Rage +Inv MR+}
   (You found it on level 4 of the Vaults)

   It affects your resistance to hostile enchantments.
   It lets you turn invisible.
   It lets you go berserk.
   It has a curse placed upon it.
 N - a +2 cloak
Comestibles
 a - 34 bread rations
 c - 18 meat rations
 g - 16 royal jellies
 i - 9 beef jerkies
 j - 9 slices of pizza (quivered)
 G - 12 fruits
Scrolls
 d - 10 scrolls of recharging
 e - a scroll of fog {!r}
 f - 16 scrolls of enchant weapon
 h - 16 scrolls of remove curse
 n - 2 scrolls of magic mapping
 p - 3 scrolls of random uselessness
 q - a scroll of torment {!r}
 u - 13 scrolls of amnesia
 v - 4 scrolls of identify
 w - 7 scrolls of immolation {!r}
 x - 2 scrolls of vulnerability {!r}
 y - 2 scrolls of fear
 E - a scroll of noise {!r}
 H - a scroll of summoning {!r}
 Q - 2 scrolls of enchant armour
Jewellery
 r - an uncursed ring of fire
 s - a cursed ring of protection from cold
 t - an amulet of faith (around neck) {allowed}
 D - a cursed ring of sustain abilities
 K - a cursed ring of protection from magic
 L - a cursed ring of protection from fire (left hand)
 M - a +5 ring of strength (right hand)
 O - a cursed +4 ring of evasion
 T - a cursed ring of flight
Potions
 b - 5 potions of haste
 k - a potion of porridge
 z - 3 potions of might

Dungeon Overview and Level Annotations

Branches:
Dungeon (15/15)            Temple (0/1) D:6             Orc (4/4) D:9
    Elf (3/3) Orc:3          Lair (8/8) D:10          Swamp (5/5) Lair:6
 Spider (5/5) Lair:6        Slime (0/6) Lair:8       Vaults (5/5) D:13
  Crypt (3/3) Vaults:2       Tomb (2/3) Crypt:3      Depths (5/5) D:15
    Zot (0/5) Depths:5

Altars:
Elyvilon
Fedhas
Kikubaaqudgha
Makhleb
Nemelex Xobeh
Okawaru
Qazlal
Xom
Yredelemnul
The Shining One
Beogh
Lugonu

Shops:
D:4 ?   D:6 (   D:13 (   D:15 =   Orc:1 *   Orc:3 (   Orc:4 ?=}!

Portals:
Hell: Depths:1 Depths:2 Depths:4 Depths:5
Abyss: Depths:4 Depths:5
Pandemonium: Depths:5
Ziggurat: Depths:1

Annotations:
D:4 exclusion: downstairs, Blork the orc
D:5 exclusion: centaur
D:7 Dowan, Duvessa
D:8 ogres, Edmund
D:9 fatogress, exclusion: downstairs
D:10 clear depths and then uh vaults something and then there's a lot of spriggan, exclusion: upstairs
D:14 distortyskellington
D:15 Rupert
Lair:2 exclusion: downstairs
Lair:4 at least one hyder
Lair:5 ain't snorging no mo also things behind the klob, exclusion: oklob plant
Lair:6 BIG ELEPHANT, exclusion: downstairs
Lair:7 PROBABLY BIGGER ELEPHANTS
Swamp:4 SLAY THE FIEND (SOON), exclusions: spriggan rider and 1 more exclusion
Swamp:5 exclusion: oklob plant
Spider:1 exclusion: downstairs
Spider:3 4 exclusions
Spider:5 RINK BUT ARACHNE ALSO HAHA
Vaults:2 exclusion: downstairs
Vaults:3 AAAAAAAA HASTYLICH, exclusion: door
Vaults:4 !don't be retarded pls
Crypt:2 get fido back check c vault then dip depths then vaults 4 then other stuff
Depths:1 exclusion: rakshasa, Jorgrun
Depths:3 IT WORKED HOLY SHIT!, 1 exclusion, Mennas
Depths:4 crypt vault (slime5+hell?) then probably tomb, exclusion: downstairs
Depths:5 2 exclusions, Boris

,,,+..#$(W..#...#....,*,,,*,,,,,*
,,,#..#....!.###.....,*,,,*,,,,,*
,,,#..#....V..........*,,,*,,,,,*
,,,#...W..WW...........,,,*,,,,,*
,,,*...?.!...3.V........,,*,,,,,*
,,,*.$.......W..........,,*,,,,,*
,,,*...........L........,,***+***
,,,*,.....)...§V§§.......,*,,,,,*
+***,,.......§§1@§.......,*,,,,,*
,,,****##########'#######**,,,,,*
,,,,*,,,,,,,,*,,,..M*,,,,,,,,,,,*
,,,,+,,,,,,,,*,,,...#,,,,,,,,,,,*
,,,,*,,,,,,,,*,,,M..#,,,,,,,,,,,*
,,,,*<,,,,,,,*,,,...#,,>,,,,,,,,*
*****************####************


You could see a lich, an Executioner, a jiangshi, a flayed ghost, a sun demon, 2
phantasmal warriors, 2 guardian mummies and 2 vampires.


Message History

* * * LOW HITPOINT WARNING * * *
The phantasmal warrior misses you.
The phantasmal warrior blinks!
Unknown command.
Read which item? (? for menu, Esc to quit)
Okay, then.
Read which item? (? for menu, Esc to quit)
Really read
F - a scroll of blinking {!r}?
Your blink will be uncontrolled - continue anyway?
As you read the scroll of blinking {!r}, it crumbles to dust.
A powerful magic interferes with your control of the blink.
You blink.
Read which item? (? for menu, Esc to quit)
As you read the scroll of teleportation, it crumbles to dust.
You feel strangely unstable. You block the jiangshi's attack.
You block the jiangshi's attack.
The lich casts a spell.
Read which item? (? for menu, Esc to quit)
Really read
e - 2 scrolls of fog {!r}?
As you read the scroll of fog {!r}, it crumbles to dust.
The scroll dissolves into smoke.
You open the door. 2 guardian mummies come into view.
You block the jiangshi's attack. The jiangshi claws you!!
* * * LOW HITPOINT WARNING * * *
You block the Executioner's attack.
The Executioner hits you but does no damage.
The Executioner misses you. The jiangshi claws you!
* * * LOW HITPOINT WARNING * * *
The jiangshi claws you!
You die...

Action                   |  1- 3 |  4- 6 |  7- 9 | 10-12 | 13-15 | 16-18 | 19-21 | 22-24 | 25-27 || total
-------------------------+-------+-------+-------+-------+-------+-------+-------+-------+-------++-------
Melee: Unarmed           |   163 |   305 |   770 |  1647 |  3563 |  4000 |  4269 |  3738 |  1151 || 19606
 Abil: Self-Restoration  |       |       |       |       |     1 |       |       |     1 |     3 ||     5
  Use: Scroll            |     1 |     8 |     4 |    14 |    10 |    29 |    24 |    25 |    14 ||   129
 Stab: Sleeping          |     4 |     1 |    12 |    13 |    29 |    14 |    19 |     9 |     5 ||   106
       Distracted        |       |       |     1 |     4 |    16 |    12 |    14 |    20 |     8 ||    75
       Confused          |       |       |       |       |       |     2 |       |       |       ||     2
       Petrified         |       |       |       |       |       |       |       |     3 |       ||     3

Vault maps used:
D:1:      dpeg_arrival_refuge
D:2:      serial_forest, infiniplex_forest_lined_corner,
          infiniplex_forest_end_2, infiniplex_forest_lined_4_way,
          infiniplex_forest_lined_3_way, baited_tele_trap
D:3:      kennysheep_six_static_rooms, grunt_temple_overflow_open, hex_tiny,
          guppyfry_early_lair_pool
D:4:      first_bread, serial_shops, shop, hangedman_decor_lopped,
          kennysheep_decorative_pillar, uniq_blork_the_orc, uniq_menkaure,
          uniq_grinder
D:6:      grunt_temple_overflow_forces_of_nature, minmay_temple_entry_mist,
          serial_shops, shop
D:7:      lemuel_mausoleum_altar_yredelemnul, basic_altar, uniq_duvessa
D:8:      grunt_ogre_cave, nicolae_qazlal_style_of_elements, uniq_edmund
D:9:      erik_orc_2, grunt_decor_fettered, abandoned_shop, uniq_eustachio,
          uniq_erolcha
D:10:     david_lair_generic, uniq_joseph
D:12:     uniq_urug, uniq_josephine
D:13:     david_vaults_5, serial_shops, shop
D:14:     minmay_tri_box, infiniplex_staircase_door_maze,
          hangedman_decor_riveting, serial_bayou_ford_a
D:15:     grunt_enter_depths_snipers, minmay_misc_feat_diagonals, serial_shops,
          shop, uniq_rupert
Orc:1:    serial_shops, shop, basic_altar
Orc:2:    nicolae_orc_accident_3, uniq_grum
Orc:3:    serial_shops, shop, nicolae_orc_pool_cavern, minmay_orc_temple_c
Orc:4:    serial_shops, bzr_in_the_mist, st_orc_rangers, mines1_david
Elf:1:    eino_elf_arrival_the_gate, nicolae_trove_entry_diagonal
Elf:2:    hangedman_cross_stitches, spider_trap
Elf:3:    minmay_elf_hall_circle
Lair:3:   minivault_19, grunt_megastairs_4, serial_bayou_shore_b
Lair:4:   minivault_26, serial_bayou_lagoon_b
Lair:5:   minmay_lair_oklob_chamber, infiniplex_staircase_pool_2, uniq_snorg
Lair:6:   minmay_swamp_entry_reptiles, dummy_spider_entry
Lair:7:   beast_lair_carwin_large_4
Lair:8:   wormcave, hangedman_lair_caniforms_friends, slime_dummy,
          grunt_megastairs_2
Swamp:1:  cheibrodos_swamp_tower_of_moss, nicolae_swamp_triple_paths
Swamp:2:  evilmike_swamp_ruin_house_2, uniq_wiglaf
Swamp:3:  evilmike_swamp_ruin_house_6, swamp_pool3
Swamp:4:  nicolae_swamp_godswood, swamp_pool2, infiniplex_staircase_pool
Swamp:5:  swamp_pestilence, swamp_pool3
Spider:2: uniq_norris, uniq_azrael
Spider:3: portal_ice_cave_entry_ice_beasts
Spider:4: spider_trap
Spider:5: grunt_spider_rune_circles, uniq_arachne
Vaults:1: vaults_room_door_hall, v_misc_8, hangedman_vaults_river_flow,
          nicolae_vaults_ninety_degrees, v_misc_30, ontoclasm_vaults_hangar,
          grunt_vaults_funnel, v_misc_13, uniq_nikola
Vaults:2: minmay_crypt_entry_simple_walls, v_rooms_2, hangedman_vaults_snaps,
          v_misc_27, nicolae_vaults_arrows, vaults_room_octagon, v_misc_3,
          vaults_room_pools, grunt_vaults_hallway_short,
          hangedman_vaults_impose, ontoclasm_vaults_ring_large
Vaults:3: hangedman_vaults_restitches, vaults_room_octagon, v_misc_17,
          vaults_mumra_minichess_inversion, v_rooms_5, hangedman_vaults_nails,
          hangedman_vaults_stream, hangedman_vaults_cutoff,
          nicolae_vaults_murderbox, hangedman_vaults_corner_blocks,
          uniq_asterion
Vaults:4: v_misc_18, vaults_room_fours, v_rooms_3, hangedman_vaults_locks,
          ontoclasm_vaults_idyll, nicolae_vaults_windows_and_doors_thing,
          v_misc_19, nicolae_vaults_alarming, vaults_dpeg_hooks
Crypt:1:  grunt_crypt_arrival_split
Crypt:2:  lemuel_statue_altar, uniq_jory, uniq_sojobo
Crypt:3:  lightli_unholy_cathedral, nicolae_tomb_entry_grand_gallery,
          mu_enter_wizlab_2
Depths:1: enter_ziggurat_f, hellmouth_1, nicolae_twisting_strands,
          kennysheep_cross_bottleneck, kennysheep_generic_room_12,
          serial_bayou_shore_a, firewood_loft, uniq_agnes, uniq_saint_roka,
          uniq_jorgrun
Depths:2: lightli_eight_chambers, lightli_too_deep, serial_bayou_shore_b
Depths:3: radiant_caverns_b_rkd, hell_entry, pan_entry, uniq_mennas
Depths:4: kennysheep_bubble_arena, minmay_holes, hell_entry, abyss_entry,
          minmay_misc_feat_secret_circle, infiniplex_staircase_zigzag_3
Depths:5: evilmike_zot_entry_basic, roderic_lattice_octagonal_star,
          rand_demon_pan_entry_9, abyss_entry_flame_altar, hell_entry,
          uniq_boris
Abyss:3:  due_exit_kobolds, small_statue_intersection, evilmike_abyss_rune_siren
Bazaar:   bazaar_long_row
Trove:    trove_jewel_1
IceCv:    ice_cave_tombish
WizLab:   wizlab_wucad

Notes
Turn   | Place    | Note
--------------------------------------------------------------
     0 | D:1      | senatorankhstrong, the Mummy Monk, began the quest for the Orb.
     0 | D:1      | Reached XP level 1. HP: 18/18 MP: 1/1
   328 | D:1      | Reached XP level 2. HP: 20/24 MP: 2/2
  1064 | D:1      | Reached skill level 4 in Unarmed Combat
  1675 | D:2      | Reached XP level 3. HP: 29/29 MP: 3/3
  3084 | D:3      | Found an ancient bone altar of Kikubaaqudgha.
  3084 | D:3      | Found a glowing golden altar of the Shining One.
  3085 | D:3      | Found a white marble altar of Elyvilon.
  3308 | D:3      | Reached XP level 4. HP: 4/35 MP: 4/4
  3309 | D:3      | i guess
  3624 | D:3      | the fuck did you come from
  3799 | D:3      | CALLED IT
  3976 | D:3      | Found a sparkling altar of Nemelex Xobeh.
  3977 | D:3      | Found a shimmering altar of Xom.
  3978 | D:3      | Found an iron altar of Okawaru.
  4291 | D:3      | Noticed a scorpion
  4643 | D:3      | Killed a scorpion
  4643 | D:3      | Reached skill level 5 in Unarmed Combat
  4643 | D:3      | Reached XP level 5. HP: 19/41 MP: 5/5
  5224 | D:4      | Noticed Menkaure
  5225 | D:4      | YOU ARE A PRINCE OF NOTHING
  6125 | D:4      | Noticed Blork the orc
  6174 | D:4      | Reached skill level 6 in Unarmed Combat
  6218 | D:4      | Noticed Grinder
  6230 | D:5      | Entered Level 5 of the Dungeon
  6258 | D:5      | Reached XP level 6. HP: 30/47 MP: 6/6
  6889 | D:5      | Noticed a centaur
  7009 | D:5      | the fuck happened
  7527 | D:4      | Found Vixyduzo's Magic Scroll Boutique.
  7535 | D:4      | Bought a scroll of enchant armour for 105 gold pieces
  7535 | D:4      | Bought a scroll of torment for 105 gold pieces
  7544 | D:4      | Got an ancient long sword
  7617 | D:4      | Reached skill level 4 in Fighting
  7643 | D:4      | Paralysed by Grinder for 2 turns
  7661 | D:4      | Paralysed by Grinder for 4 turns
  7682 | D:4      | Killed Grinder
  7682 | D:4      | Reached skill level 5 in Fighting
  7682 | D:4      | Reached XP level 7. HP: 39/57 MP: 7/7
  7914 | D:4      | ALL ISIS WORSHIPERS WILL BE VANQUISHED
  7915 | D:4      | Killed Menkaure
  7915 | D:4      | Reached skill level 6 in Fighting
  8303 | D:4      | Bought a scroll of blinking for 105 gold pieces
  8314 | D:5      | Noticed an ogre
  8402 | D:4      | Killed an ogre
  8402 | D:4      | Reached skill level 7 in Fighting
  8580 | D:5      | Noticed a sky beast
  8648 | D:5      | Killed a sky beast
  8763 | D:5      | Got a brightly glowing jade ring
  8765 | D:5      | Identified the ring "Loisory" {Fire -Tele} (You found it on level 5 of the Dungeon)
  8766 | D:5      | ALLOWED
  8766 | D:5      | !
  9028 | D:3      | Reached XP level 8. HP: 67/67 MP: 8/8
  9064 | D:2      | ffffffffuck
  9453 | D:4      | Bought 3 scrolls of amnesia for 147 gold pieces
  9453 | D:4      | Bought a scroll of identify for 28 gold pieces
  9453 | D:4      | Bought a scroll of fog for 28 gold pieces
  9453 | D:4      | Bought a scroll of immolation for 49 gold pieces
  9453 | D:4      | Bought a scroll of vulnerability for 105 gold pieces
  9751 | D:5      | Reached skill level 7 in Unarmed Combat
  9939 | D:6      | excuse me
  9940 | D:6      | Found Klabeuh's Antique Weapon Shop.
  9943 | D:6      | Found a staircase to the Ecumenical Temple.
 10093 | D:6      | Found a stormy altar of Qazlal.
 10116 | D:6      | Found a blossoming altar of Fedhas.
 10547 | D:5      | Reached skill level 8 in Fighting
 10556 | D:6      | FistofTheNorthNile: Like he could do anything against 7 AC
 10567 | D:6      | FistofTheNorthNile: endgame tier
 10567 | D:6      | senatorankhstrong: final form
 10610 | D:6      | FistofTheNorthNile: the whahahahahtat
 10617 | D:6      | FistofTheNorthNile: rewind
 10626 | D:6      | FistofTheNorthNile: you have the hat of the 15 runes?
 10626 | D:6      | senatorankhstrong: what
 10626 | D:6      | senatorankhstrong: no
 10626 | D:6      | senatorankhstrong: of course not
 10627 | D:6      | HA HA
 10627 | D:6      | what a silly thing to say
 10635 | D:6      | FistofTheNorthNile: dicks
 10709 | D:6      | FistofTheNorthNile: dicks why in god's name
 10852 | D:6      | senatorankhstrong: it'll be our secret!
 10855 | D:6      | FistofTheNorthNile: NOOOO
 10891 | D:7      | senatorankhstrong: shhh
 10921 | D:7      | FistofTheNorthNile: You just
 10921 | D:7      | FistofTheNorthNile: but
 10921 | D:7      | senatorankhstrong: we must not falter
 10930 | D:7      | FistofTheNorthNile: WHY
 10977 | D:7      | FistofTheNorthNile: I have no words
 11129 | D:7      | FistofTheNorthNile: Everyone must know this
 11225 | D:7      | senatorankhstrong: but
 11292 | D:7      | Found an iron altar of Okawaru.
 11343 | D:7      | FistofTheNorthNile: NO BUTTS
 11362 | D:7      | FistofTheNorthNile: you
 11403 | D:7      | FistofTheNorthNile: YOU HAT THROWER
 11405 | D:7      | HaroldButt: What did he do? I saw a quivered hat of the Alchemist but that's it.
 11405 | D:7      | senatorankhstrong: it was a necessary evil
 11421 | D:7      | FistofTheNorthNile: he threw it
 11438 | D:7      | FistofTheNorthNile: he threw it in lava
 11446 | D:7      | FistofTheNorthNile: the absolute madman
 11500 | D:6      | HaroldButt: isn't it verboten?
 11508 | D:6      | senatorankhstrong: no
 11508 | D:6      | senatorankhstrong: but it is a sign of weakness
 11508 | D:6      | senatorankhstrong: I already have a hat
 11588 | D:6      | Reached skill level 8 in Unarmed Combat
 11726 | D:7      | HaroldButt: hardcore, rock on!
 11773 | D:7      | senatorankhstrong: that's the spirit!
 11905 | D:7      | Noticed Duvessa
 11908 | D:7      | Noticed Dowan
 11996 | D:8      | Reached skill level 3 in Dodging
 12421 | D:8      | Noticed Edmund
 12448 | D:8      | Reached XP level 9. HP: 74/74 MP: 9/9
 12478 | D:8      | Reached skill level 2 in Stealth
 12853 | D:8      | Found a stormy altar of Qazlal.
 12912 | D:8      | Reached skill level 3 in Stealth
 13292 | D:8      | Reached skill level 4 in Stealth
 13539 | D:8      | Reached skill level 5 in Stealth
 13614 | D:9      | hi
 13673 | D:9      | Noticed Eustachio
 13679 | D:9      | good luck
 13697 | D:9      | Killed Eustachio
 13697 | D:9      | Reached skill level 4 in Dodging
 13723 | D:9      | double digit!
 13799 | D:9      | senatorankhstrong: if only we had rElec
 13856 | D:9      | FistofTheNorthNile: oh you
 13991 | D:9      | Noticed Erolcha
 13992 | D:9      | excuse me
 14030 | D:9      | FistofTheNorthNile: I don't remember, can elrocha use LCS?
 14049 | D:9      | senatorankhstrong: yeah I think it's in one of the spellsets
 14050 | D:9      | FistofTheNorthNile: fucking
 14050 | D:9      | FistofTheNorthNile: I swear to god, that's a D8/9 unique
 14050 | D:9      | senatorankhstrong: don't you like fireballs
 14055 | D:7      | FistofTheNorthNile: it's an elf sorcerer on steroids
 14056 | D:10     | Entered Level 10 of the Dungeon
 14056 | D:10     | Noticed Joseph
 14235 | D:8      | aaaaaaaaaaaaaaaaaaaaaaaa
 14586 | D:8      | Reached skill level 5 in Dodging
 14965 | D:7      | Found a basalt altar of Yredelemnul.
 15042 | D:8      | Reached skill level 9 in Fighting
 15324 | D:7      | Reached XP level 10. HP: 49/83 MP: 10/10
 15733 | D:8      | what
 15742 | D:8      | senatorankhstrong: did this retard stand on the fire cloud
 15761 | D:8      | FistofTheNorthNile: oh hey was that distortion
 15762 | D:8      | senatorankhstrong: nope he had telewands
 15769 | D:8      | FistofTheNorthNile: oooh
 16190 | D:8      | FistofTheNorthNile: just X-ctrl-f
 16255 | D:8      | senatorankhstrong: is that the clear floor map thingy?
 16395 | D:9      | FistofTheNorthNile: yeah
 16406 | D:9      | FistofTheNorthNile: oh hey look at this
 16406 | D:9      | FistofTheNorthNile: There's also a rule that throwing is forbidden, unless it is funny. There is nothing funny about that.
 16408 | D:9      | senatorankhstrong: what
 16408 | D:9      | senatorankhstrong: of course it's funny
 16408 | D:9      | FistofTheNorthNile: it's tragic
 16408 | D:9      | senatorankhstrong: I didn't even need to ask!
 16408 | D:9      | senatorankhstrong: tragicomedy!
 16432 | D:9      | FistofTheNorthNile: well I guess that works
 16545 | D:9      | Reached skill level 10 in Fighting
 16953 | D:9      | FORGOT
 17019 | D:10     | Got an ancient leather armour
 17042 | D:10     | FistofTheNorthNile: You can remove the body armor autopickup thingie
 17132 | D:10     | FistofTheNorthNile: unless it's n artifact pickup thingie
 17132 | D:10     | senatorankhstrong: I think it's art stuff from the rc
 17183 | D:10     | Found a staircase to the Lair.
 17185 | D:10     | FistofTheNorthNile: hmhm
 17206 | D:10     | Noticed an elephant
 17294 | D:10     | i guess
 17294 | D:10     | senatorankhstrong: at least it ain't bizaps
 17306 | D:10     | Killed Joseph
 17482 | D:10     | Reached skill level 9 in Unarmed Combat
 17761 | D:10     | how bad can it really be
 17764 | D:10     | FistofTheNorthNile: how does someone do snake without RF and Relec
 17765 | D:10     | senatorankhstrong: WILLPOWER
 17951 | D:10     | Killed an elephant
 17952 | D:10     | AHA!
 18315 | D:10     | FistofTheNorthNile: defeating the ironreeds
 18563 | D:11     | eugh
 18654 | D:11     | FistofTheNorthNile: spooky
 18860 | D:10     | senatorankhstrong: quite
 19112 | D:11     | Reached skill level 10 in Unarmed Combat
 19341 | D:11     | it keeps happening
 19591 | D:11     | senatorankhstrong: it xtahua randomly dropping for anyone else?
 19633 | D:11     | FistofTheNorthNile: no, it was fine for me before.
 19684 | D:11     | Reached XP level 11. HP: 87/90 MP: 11/11
 19730 | D:11     | senatorankhstrong: weird
 19745 | D:11     | Noticed a white ugly thing
 20194 | D:11     | FistofTheNorthNile: why didn't you just go to lair
 20415 | D:10     | senatorankhstrong: because I'm stubborn!
 20416 | Lair:1   | Entered Level 1 of the Lair of Beasts
 20455 | Lair:1   | senatorankhstrong: oh man
 20455 | Lair:1   | FistofTheNorthNile: acutally, yeah. that works.
 20718 | Lair:1   | senatorankhstrong: imagine if the healed when blinking
 20750 | Lair:1   | FistofTheNorthNile: did you know that they actually have more EV than they should back in .15
 20903 | D:10     | FistofTheNorthNile: at least, until .16, that's when they fixed their phase shift
 20903 | D:10     | senatorankhstrong: don't they have double ps in this version?
 20903 | D:10     | FistofTheNorthNile: yeah that thing
 20903 | D:10     | senatorankhstrong: I seem to recall so yeah
 20971 | Lair:1   | FistofTheNorthNile: but was it .15 specific or did they just fix it in .16
 21052 | Lair:1   | FistofTheNorthNile: that I don't know
 21245 | Lair:1   | senatorankhstrong: I think it's one of those things that were around forever actually
 21346 | Lair:1   | cute
 21442 | Lair:1   | Reached skill level 11 in Unarmed Combat
 21741 | Lair:1   | FistofTheNorthNile: Lair MuMos ain't so bad actually, if you don't put in the equation spiny frogs, komodo dragons, death yaks and hydras
 21866 | Lair:1   | FistofTheNorthNile: so bascially everyone
 21920 | Lair:1   | tempaccount: but how does an undead get sick?
 21920 | Lair:1   | senatorankhstrong: sounds about right
 21920 | Lair:1   | senatorankhstrong: actually if oyu have some lucky drops like these it's pretty simple
 21920 | Lair:1   | senatorankhstrong: early AC really changes things around
 22077 | Lair:1   | You fall through a shaft!
 22077 | Lair:1   | FistofTheNorthNile: mmh
 22084 | Lair:2   | FistofTheNorthNile: make aux armor verboten until lair
 22119 | Lair:2   | FistofTheNorthNile: rings of protection are not allowed anymore
 22129 | Lair:2   | senatorankhstrong: I've considered those things!
 22217 | Lair:2   | Reached skill level 6 in Dodging
 22991 | Lair:2   | neato
 23032 | Lair:2   | FistofTheNorthNile: Gourmand and faith are kosher
 23039 | Lair:2   | senatorankhstrong: as is berserk
 23113 | Lair:2   | FistofTheNorthNile: Rmut should be allowed for abyss
 23147 | Lair:2   | hisss
 23149 | Lair:2   | FistofTheNorthNile: for the sake of being human
 23158 | Lair:2   | senatorankhstrong: nah there's no problem at all with -stats
 23158 | Lair:2   | senatorankhstrong: you have the mummy ability to make them all go away
 23251 | Lair:2   | FistofTheNorthNile: well you can just put on sustab
 23295 | Lair:2   | senatorankhstrong: sure
 23518 | Lair:2   | FistofTheNorthNile: and I mean okay it's not like you're ever going to use your MP so regenerating rotted HP works
 23522 | Lair:2   | senatorankhstrong: it actually heals a fuckton, too
 23567 | Lair:2   | FistofTheNorthNile: Alright, I didn't know that one.
 23614 | Lair:2   | FistofTheNorthNile: ...It actually does?
 23619 | Lair:2   | Reached skill level 11 in Fighting
 23625 | Lair:2   | FistofTheNorthNile: christ I could have lived
 23635 | Lair:1   | senatorankhstrong: wait you died to stats and rot?
 23635 | Lair:1   | senatorankhstrong: oh no sorry
 23635 | Lair:1   | senatorankhstrong: I didn't mean it heals actual hp
 23635 | Lair:1   | senatorankhstrong: I mean rot curing
 23635 | Lair:1   | FistofTheNorthNile: ooooh
 23635 | Lair:1   | FistofTheNorthNile: okay then
 23635 | Lair:1   | FistofTheNorthNile: That's better, I was considering subaru
 23635 | Lair:1   | senatorankhstrong: like 20-30 points per use or something
 23635 | Lair:1   | senatorankhstrong: rip
 23637 | Lair:1   | I REALLY SHOULDN'T
 23637 | Lair:1   | FistofTheNorthNile: >just one more hit
 23637 | Lair:1   | FistofTheNorthNile: come on
 23638 | Lair:1   | FistofTheNorthNile: hit it
 23640 | Lair:1   | pls
 23641 | Lair:1   | ty
 24005 | Lair:1   | senatorankhstrong: knew I shoulda hunted those frogs down
 24108 | Lair:1   | thanks!
 24108 | Lair:1   | tempaccount: excellent Tele
 24108 | Lair:1   | FistofTheNorthNile: fun fun fun
 24108 | Lair:1   | FistofTheNorthNile: the infamous scroll of blink
 24138 | Lair:1   | HA HA SILLY FROGS
 24677 | Lair:1   | AMPHIBIAN LIFEFORMS ARE INHERENTLY FLAWED
 25224 | Lair:1   | PACHIDERMS ARE A RELIC OF EVOLUTION!
 25230 | Lair:1   | Reached skill level 12 in Fighting
 25618 | Lair:2   | FistofTheNorthNile: Basically you can only get 12 AC from aux armor, plus one point by putting six points in the skill
 25732 | Lair:2   | FistofTheNorthNile: so at best that's 14 natural AC
 25732 | Lair:2   | FistofTheNorthNile: how are you going to deal with LCS
 25732 | Lair:2   | senatorankhstrong: and that's good enough!
 25803 | Lair:2   | senatorankhstrong: oh
 25803 | Lair:2   | senatorankhstrong: well EV and corners I guess
 25803 | Lair:2   | senatorankhstrong: and going away, too!
 25901 | Lair:2   | Reached XP level 12. HP: 45/102 MP: 12/12
 26311 | Lair:1   | Reached skill level 7 in Dodging
 26490 | Lair:3   | Noticed a four-headed hydra
 26701 | Lair:3   | good
 26838 | Lair:3   | gr8 times
 26928 | Lair:3   | eugh
 28362 | Lair:3   | Reached skill level 12 in Unarmed Combat
 28745 | Lair:4   | FistofTheNorthNile: more like
 28747 | Lair:4   | FistofTheNorthNile: dead yaks
 28930 | Lair:3   | senatorankhstrong: actually laughed
 28930 | Lair:3   | senatorankhstrong: might be getting 2l8
 29655 | Lair:3   | senatorankhstrong: christ
 30041 | Lair:4   | Noticed a five-headed hydra
 30770 | Lair:3   | FistofTheNorthNile: monsters regen way faster
 30966 | Lair:3   | senatorankhstrong: cheaters
 30980 | Lair:3   | Reached skill level 13 in Unarmed Combat
 30985 | Lair:3   | FistofTheNorthNile: they have built in rings of regen
 31075 | Lair:3   | tempaccount: around yaks, never relax
 31222 | Lair:4   | FistofTheNorthNile: they destroy them when they know they're gonna die
 31337 | Lair:4   | senatorankhstrong: little do they know
 31337 | Lair:4   | senatorankhstrong: the pharaoh needs no trinkets
 31888 | Lair:5   | eugh
 31917 | Lair:5   | eugh
 31919 | Lair:4   | FistofTheNorthNile: MAD
 31920 | Lair:4   | no retardo no more pls
 32202 | Lair:4   | tempaccount: >the oklob plant has reached the pinnacle of evolution!
 32202 | Lair:4   | senatorankhstrong: well
 32202 | Lair:4   | senatorankhstrong: I don't know what these new acid klobs are like!
 32202 | Lair:4   | senatorankhstrong: a man needs to experiment!
 32399 | Lair:4   | tempaccount: I remember before I discovered rlg and was a verybadplayer, I reasoned that I didnt want my equipment corroded by oklobs, so I removed it all and charged on naked.
 32419 | Lair:4   | FistofTheNorthNile: oh the memories
 32419 | Lair:4   | senatorankhstrong: oh man
 32419 | Lair:4   | senatorankhstrong: didn't we all try that one
 32443 | Lair:5   | Noticed a four-headed hydra
 32444 | Lair:5   | FistofTheNorthNile: I remember when I was hyped at +6 strength rings
 32470 | Lair:4   | FistofTheNorthNile: then I tossed away a +3 slaying ring beacuse it was only +3
 32470 | Lair:4   | FistofTheNorthNile: and +6 better must surely be better
 32470 | Lair:4   | senatorankhstrong: six is much better than three!
 32623 | Lair:5   | FistofTheNorthNile: three more levels and you'll have natural MR++
 32623 | Lair:5   | FistofTheNorthNile: excitement
 32623 | Lair:5   | senatorankhstrong: why does it keep happening
 32679 | Lair:5   | Identified a scroll of acquirement
 32680 | Lair:5   | FistofTheNorthNile: ARMOR
 32680 | Lair:5   | senatorankhstrong: A
 32680 | Lair:5   | tempaccount: POTION
 32680 | Lair:5   | FistofTheNorthNile: get a nice unrand
 32680 | Lair:5   | FistofTheNorthNile: or some randar gloves
 32680 | Lair:5   | emiel: FOOD
 32680 | Lair:5   | senatorankhstrong: sounds like a plan
 32680 | Lair:5   | senatorankhstrong: you can't acc food
 32680 | Lair:5   | senatorankhstrong: :(
 32680 | Lair:5   | emiel: FOOD
 32680 | Lair:5   | senatorankhstrong: no fun
 32681 | Lair:5   | FistofTheNorthNile: DUN
 32681 | Lair:5   | FistofTheNorthNile: DUN
 32681 | Lair:5   | WHAT WILL IT BE
 32681 | Lair:5   | FistofTheNorthNile: DUN
 32682 | Lair:5   | emiel: lol
 32682 | Lair:5   | senatorankhstrong: oh god
 32682 | Lair:5   | FistofTheNorthNile: ohohohoho
 32682 | Lair:5   | senatorankhstrong: again
 32682 | Lair:5   | emiel: LOL
 32682 | Lair:5   | emiel: O
 32682 | Lair:5   | tempaccount: EXCELLENT
 32682 | Lair:5   | emiel: L
 32682 | Lair:5   | FistofTheNorthNile: it loves you
 32682 | Lair:5   | FistofTheNorthNile: It wants to BE with you
 32682 | Lair:5   | FistofTheNorthNile: after all these games
 32682 | Lair:5   | FINE
 32703 | Lair:5   | emiel: man
 32720 | Lair:5   | emiel: that's like
 32726 | Lair:5   | emiel: the antimummy cloak
 32733 | Lair:5   | Reached XP level 13. HP: 88/108 MP: 13/13
 32803 | Lair:5   | FistofTheNorthNile: well, could have been a body armor
 32864 | Lair:5   | emiel: true dat
 32883 | Lair:5   | senatorankhstrong: that'd be rude
 32883 | Lair:5   | senatorankhstrong: my dear friend acquirement wouldn't do that!
 32883 | Lair:5   | FistofTheNorthNile: even though I've only acquired aux on my mumos
 33049 | Lair:5   | Noticed Snorg
 33050 | Lair:5   | FistofTheNorthNile: I wonder if it's a chance or if the game actually guesses
 33071 | Lair:5   | FistofTheNorthNile: I don't know how acquirement works at all
 33085 | Lair:5   | he was
 33085 | Lair:5   | FistofTheNorthNile: oh hey
 33085 | Lair:5   | emiel: snorgerino
 33085 | Lair:5   | emiel: wants to 1v1
 33085 | Lair:5   | FistofTheNorthNile: if that thing zerkes you're dead
 33085 | Lair:5   | HaroldButt: お前はもう死んでいる
 33085 | Lair:5   | emiel: mummy PUNCH
 33085 | Lair:5   | FistofTheNorthNile: get his feet wet
 33085 | Lair:5   | emiel: give him a taste of your bandages
 33086 | Lair:5   | senatorankhstrong: porcupines
 33086 | Lair:5   | emiel: dat summon
 33086 | Lair:5   | FistofTheNorthNile: the best snack
 33086 | Lair:5   | emiel: not even 6 death yaks and a hydra
 33086 | Lair:5   | emiel: tssk
 33086 | Lair:5   | FistofTheNorthNile: how considerate of you
 33095 | Lair:5   | emiel: nice
 33096 | Lair:5   | emiel: pummel!!
 33096 | Lair:5   | Killed Snorg
 33097 | Lair:5   | OUTSKILLED
 33097 | Lair:5   | FistofTheNorthNile: it actually worked
 33097 | Lair:5   | FistofTheNorthNile: out
 33097 | Lair:5   | emiel: snorg has no AC
 33099 | Lair:5   | emiel: so porkies are good
 33101 | Lair:5   | emiel: i guess?
 33101 | Lair:5   | senatorankhstrong: looks like it
 33137 | Lair:5   | emiel: heh
 33508 | Lair:5   | FistofTheNorthNile: I like all these exclamation points
 33576 | Lair:5   | emiel: maximum fist
 33613 | Lair:5   | FistofTheNorthNile: how much damage does a 27 fighting 27 UC fist does
 33625 | Lair:5   | FistofTheNorthNile: do*
 33651 | Lair:4   | senatorankhstrong: a ton
 33827 | Lair:4   | Noticed a four-headed hydra
 33876 | Lair:5   | FistofTheNorthNile: but can you kill zerking orbs of fire with it
 33931 | Lair:5   | Reached skill level 14 in Unarmed Combat
 34038 | Lair:5   | josefromcouch: 13 AC/22 EV oh wow
 34038 | Lair:5   | senatorankhstrong: I hope
 34346 | Lair:6   | FistofTheNorthNile: hey, RF+
 34358 | Lair:6   | senatorankhstrong: word
 34412 | Lair:6   | FistofTheNorthNile: now you can get intoa volcano and find a hat of RF
 34491 | Lair:6   | senatorankhstrong: helmet or bust
 34507 | Lair:6   | Found a hole to the Spider Nest.
 34525 | Lair:6   | FistofTheNorthNile: why do you hate hats so much
 34561 | Lair:6   | senatorankhstrong: because look at those well crafted helmet tile
 34561 | Lair:6   | senatorankhstrong: who could possibly not prefer them
 34585 | Lair:6   | FistofTheNorthNile: but one has a feather
 34585 | Lair:6   | FistofTheNorthNile: a FEATHER
 34585 | Lair:6   | tempaccount: that's a cap, not a hat
 34585 | Lair:6   | senatorankhstrong: some hats also do!
 34585 | Lair:6   | senatorankhstrong: *helmets
 34585 | Lair:6   | FistofTheNorthNile: oh yeah, unrands.
 34585 | Lair:6   | FistofTheNorthNile: Hm.
 34585 | Lair:6   | FistofTheNorthNile: Well, I can't see you dying here unless you make a hydra angry
 34585 | Lair:6   | FistofTheNorthNile: and you're setup for orc
 34585 | Lair:6   | FistofTheNorthNile: so I'm going to sleep
 34586 | Lair:6   | FistofTheNorthNile: good punching
 34586 | Lair:6   | senatorankhstrong: later mate
 34708 | Lair:6   | Found a staircase to the Swamp.
 35177 | Lair:6   | Reached skill level 13 in Fighting
 36946 | Lair:7   | Reached skill level 14 in Fighting
 37469 | Lair:7   | Noticed a dire elephant
 37475 | Lair:7   | wot
 37475 | Lair:7   | senatorankhstrong: oh btw stream's up
 39033 | Lair:7   | Reached skill level 15 in Fighting
 39033 | Lair:7   | Reached XP level 14. HP: 113/123 MP: 14/14
 39574 | Lair:6   | emiel: oh boy
 39757 | Lair:7   | Noticed a dire elephant
 39761 | Lair:7   | Aaaaaaaaaaaaaaaaa
 39914 | Lair:8   | Entered Level 8 of the Lair of Beasts
 40118 | Lair:8   | :<
 40128 | Lair:8   | HaroldButt: ;_;
 40235 | Lair:8   | Reached skill level 8 in Dodging
 40709 | Lair:8   | Found a staircase to the Slime Pits.
 41348 | Lair:8   | Reached skill level 9 in Dodging
 41487 | Lair:8   | OUTSKILLED
 41733 | Lair:8   | HA HA HA
 41734 | Lair:8   | crauler: nice name
 41741 | Lair:8   | :(
 41750 | Lair:8   | crauler: dump please
 41787 | Lair:8   | senatorankhstrong: there you go
 41889 | Lair:7   | crauler: thx
 43110 | Lair:8   | Reached skill level 6 in Stealth
 43131 | Lair:8   | rude
 43319 | Lair:8   | Got a steaming ring mail
 43327 | Lair:8   | Identified the cursed +4 ring mail of Hide-and-Seek {rF+} (You found it on level 8 of the Lair of Beasts)
 43340 | Lair:8   | crauler: lol
 43365 | Lair:8   | josefromcouch: oh god, you threw the hat of 15 runes into the fire?
 43389 | Lair:8   | Artagel: it was unworthy
 43389 | Lair:8   | senatorankhstrong: how could I ever
 43390 | Lair:8   | Artagel: of the true pharoah
 43545 | Lair:8   | Reached skill level 7 in Stealth
 43752 | Lair:8   | josefromcouch: >You feel your sanity slipping
 43901 | Lair:8   | crauler: a true king, caring about lesser ones and feeding them
 43930 | Lair:8   | crauler: BEEF JERKIES FOR EVERYONE
 44185 | Lair:8   | how cute
 44837 | Lair:8   | crauler: who fed steroids to elephants?
 45446 | Lair:4   | crauler: pardon me, but wtf is going. you keep pillar dancing and when you get distance between you and monster, you waste a turn
 45597 | Lair:4   | Artagel: we're killing it
 45597 | Lair:4   | Artagel: mumo regen cardio style
 45604 | Lair:4   | crauler: with old age?
 45614 | Lair:4   | Artagel: superior mummy cardio
 45618 | Lair:4   | Killed a four-headed hydra
 45618 | Lair:4   | Reached skill level 8 in Stealth
 45620 | Lair:4   | :[
 46004 | D:9      | josefromcouch: the ancient mummy technique of energy scumming
 46202 | D:9      | pls
 46408 | D:9      | Found a staircase to the Orcish Mines.
 46421 | Orc:1    | Entered Level 1 of the Orcish Mines
 46430 | Orc:1    | Found Arenuoh's Assorted Antiques.
 46485 | Orc:1    | Bought a scroll of fog for 38 gold pieces
 46485 | Orc:1    | Bought a bloodstained cloak for 180 gold pieces
 46485 | Orc:1    | Bought a scroll of summoning for 180 gold pieces
 46499 | Orc:1    | Identified the cursed +0 cloak "Maej" {Str+3 Int+3} (You bought it in a shop on level 1 of the Orcish Mines)
 46718 | Orc:1    | josefromcouch: that axe is going to be holy wrath
 47022 | Orc:1    | Artagel: not even branded
 47035 | Orc:1    | Hanibal: hows the run going
 47043 | Orc:1    | crauler: probably cursed
 47560 | Orc:1    | crauler: Hanibal: hows the run going crauler: probably cursed
 47564 | Orc:1    | crauler: hehe
 47694 | Orc:1    | Found a burning altar of Makhleb.
 47911 | Orc:1    | senatorankhstrong: gr8!
 47911 | Orc:1    | senatorankhstrong: btw calling it a night here
 47911 | Orc:1    | TOGETHER
 47911 | Orc:1    | WE WILL AVENGE OUR BROTHER IN ANKHS
 47911 | Orc:1    | EmperorOfDune: MuMo pride worldwide
 47911 | Orc:1    | EmperorOfDune: Give'em hell
 47911 | Orc:1    | senatorankhstrong: SETTING THINGS UP
 47911 | Orc:1    | Artagel: where are my 3 silmarils
 47911 | Orc:1    | Artagel: pls morgoth
 48200 | Orc:2    | Noticed Grum
 48606 | Orc:2    | EmperorOfDune: I found out listening to bob ross painting is the best thing when MuMoing
 48606 | Orc:2    | EmperorOfDune: He helps taking things slowly
 49049 | Orc:2    | senatorankhstrong: rip the spiders
 49222 | Orc:2    | Killed Grum
 49450 | Orc:3    | Found a staircase to the Elven Halls.
 50177 | Orc:3    | Found Lastrea Maasa's Weapon Shop.
 50426 | Orc:3    | Found a roughly hewn altar of Beogh.
 51254 | Orc:4    | Entered Level 4 of the Orcish Mines
 51258 | Orc:4    | Found a flickering gateway to a bazaar.
 51284 | Bazaar   | Entered a bazaar
 51298 | Bazaar   | Found Yzutric's Armour Emporium.
 51315 | Bazaar   | Found Boec's Book Emporium.
 51315 | Bazaar   | Found Dejydghe's Distillery.
 51334 | Bazaar   | Found Wuqah's Antique Weapon Emporium.
 51347 | Bazaar   | Found Ohaxiani's Armour Shoppe.
 51396 | Bazaar   | EmperorOfDune: heh, manual of throwing.
 51396 | Bazaar   | Artagel: good arts though
 51396 | Bazaar   | senatorankhstrong: word
 51396 | Bazaar   | EmperorOfDune: "how to effectively throw food at people"
 51396 | Bazaar   | senatorankhstrong: lots of great stuff
 51410 | Bazaar   | Bought the +3 crown of Dyrovepreva {rElec Int+2 SInv} for 331 gold pieces
 51410 | Bazaar   | Bought the +2 shield of Resistance {rF+ rC+ MR+} for 328 gold pieces
 51475 | Bazaar   | THE CROWNED SON OF HORUS
 51497 | Orc:4    | EmperorOfDune: wait, what did you buy? I missed that.
 51522 | Orc:4    | Artagel: best artifacts
 51534 | Orc:4    | EmperorOfDune: holy
 51534 | Orc:4    | senatorankhstrong: and the res shield!
 51534 | Orc:4    | senatorankhstrong: which is overpowered but okay!
 51660 | Orc:4    | Found a roughly hewn altar of Beogh.
 52507 | Orc:4    | Reached XP level 15. HP: 124/129 MP: 15/15
 54132 | Orc:4    | Found Arhy's Gadget Shop.
 54132 | Orc:4    | Found Yrae's Jewellery Emporium.
 54171 | Orc:4    | Found Thra Sat's Magic Scroll Shoppe.
 54173 | Orc:4    | Found Zexi's Distillery.
 54191 | Orc:4    | EmperorOfDune: Food, gadget and potions!
 54200 | Orc:4    | EmperorOfDune: okay that's not a mimic
 54202 | Orc:4    | EmperorOfDune: oh and that's uh.
 54202 | Orc:4    | EmperorOfDune: good orc 4
 54202 | Orc:4    | senatorankhstrong: well
 54202 | Orc:4    | senatorankhstrong: it had exp!
 54202 | Orc:4    | Artagel: bazaar had the goods
 54202 | Orc:4    | Artagel: we'll count it as part of orc 4
 54202 | Orc:4    | senatorankhstrong: and in the end that's what counts!
 54235 | Orc:4    | EmperorOfDune: the scrolls are good I guess
 54499 | Orc:4    | Bought a scroll of enchant armour for 82 gold pieces
 54499 | Orc:4    | Bought a scroll of fear for 38 gold pieces
 54499 | Orc:4    | Bought a scroll of teleportation for 33 gold pieces
 54499 | Orc:4    | Bought a scroll of immolation for 38 gold pieces
 54499 | Orc:4    | Bought a scroll of identify for 22 gold pieces
 54504 | Orc:4    | senatorankhstrong: resources!
 54532 | Orc:4    | EmperorOfDune: every ?tele counts.
 54548 | Orc:3    | Reached skill level 15 in Unarmed Combat
 55903 | Lair:8   | Got a heavily runed emerald amulet
 55905 | Lair:8   | Identified the amulet "Stumm" {rMut rElec rC+ Slay+5} (You found it on level 8 of the Lair of Beasts)
 55906 | Lair:8   | EUGH
 55946 | Lair:8   | Reached skill level 10 in Dodging
 56765 | Lair:7   | 100-0
 56778 | Lair:7   | EmperorOfDune: HYDRA DESTROYER
 57746 | Lair:8   | Reached skill level 1 in Shields
 58243 | Lair:7   | Killed a dire elephant
 58731 | Lair:3   | Noticed a six-headed hydra
 58751 | Lair:3   | Killed a six-headed hydra
 58841 | Lair:3   | Killed a four-headed hydra
 59237 | D:11     | Killed a white ugly thing
 59677 | D:12     | BEST CROWN
 59793 | D:11     | Got an ebony great sword
 59795 | D:11     | Identified the cursed +0 great sword "Grim" {drain, rC- Int+2} (You took it off an orc warrior on level 11 of the Dungeon)
 60013 | D:12     | Noticed Urug
 60391 | D:11     | Killed Urug
 60914 | D:12     | hi hangedman
 60914 | D:12     | we meet again
 61189 | D:12     | Reached skill level 16 in Fighting
 61845 | D:12     | Noticed Josephine
 61892 | D:13     | Found Thodod's Antique Weapon Shop.
 64096 | D:13     | EmperorOfDune: wait, did he just steal our kill
 64110 | D:13     | Reached skill level 17 in Fighting
 64175 | D:13     | Artagel: well yes
 64175 | D:13     | Artagel: but it was a unseen horror
 64175 | D:13     | senatorankhstrong: but it was fun!
 64175 | D:13     | Artagel: known to be hated by every species
 64175 | D:13     | senatorankhstrong: and that's what counts in the end!
 64200 | D:13     | EmperorOfDune: fun at all costs
 64229 | D:13     | Got a faintly glowing spear
 64463 | D:13     | Found a gate to the Vaults.
 65462 | D:14     | Reached XP level 16. HP: 125/141 MP: 15/15
 66084 | D:13     | EmperorOfDune: Yeah I should have actually punched that hydra
 66288 | D:13     | EmperorOfDune: I don't see why I ran away in water honestly
 66288 | D:13     | senatorankhstrong: well I was a bit confused with why you waded through the water
 66288 | D:13     | EmperorOfDune: I have a very rational fear of 8 headed hydras
 66288 | D:13     | senatorankhstrong: but before I could say anything it had already happened
 66288 | D:13     | EmperorOfDune: but that was kinda fumb
 66288 | D:13     | senatorankhstrong: and yeah tbh
 66288 | D:13     | EmperorOfDune: dumb*
 66288 | D:13     | senatorankhstrong: I mean facing it was pretty harsh anyway
 66288 | D:13     | senatorankhstrong: even with good defenses
 66288 | D:13     | Artagel: that's one of the issues with spectating through chat, you dont always have time to raise concerns :D
 66288 | D:13     | EmperorOfDune: oh well, experience for the next time.
 66288 | D:13     | senatorankhstrong: one rune is great though
 66288 | D:13     | Artagel: because suddenly the dude is in a horrible spot and 3 turns ago was when the action had to be taken :D
 66288 | D:13     | senatorankhstrong: !
 66288 | D:14     | EmperorOfDune: It really is, I'm very happy with the result.
 66392 | D:14     | EmperorOfDune: Now go and get 3
 66394 | D:14     | F U N
 66394 | D:14     | senatorankhstrong: str8 to abyss!
 66447 | D:14     | EmperorOfDune: he's so nice he wants to give you a free ticket to the elven rune
 66483 | D:14     | Got a transparent morningstar
 67621 | D:15     | Entered Level 15 of the Dungeon
 68251 | D:15     | Reached skill level 18 in Fighting
 68828 | Spider:1 | Entered Level 1 of the Spider Nest
 70944 | Spider:2 | Noticed Norris
 71711 | Lair:6   | Killed a dire elephant
 73796 | Spider:1 | Reached skill level 2 in Shields
 74361 | Spider:2 | Reached skill level 3 in Shields
 74872 | Spider:1 | Reached skill level 4 in Shields
 75361 | Spider:3 | HA HA
 75361 | Spider:3 | I'M DOING IT AGAIN
 75371 | Spider:3 | EmperorOfDune: you crazy person
 75374 | Spider:3 | senatorankhstrong: it's fun!
 75375 | Spider:3 | Artagel: wonderful
 75382 | Spider:3 | Artagel: back to the cave
 75626 | Spider:3 | Found a frozen archway.
 75675 | Spider:3 | Reached skill level 5 in Shields
 75753 | IceCv    | Entered an ice cave
 76275 | IceCv    | Noticed an Ice Fiend
 76481 | IceCv    | k
 76482 | IceCv    | Artagel: >nice
 76483 | IceCv    | EmperorOfDune: Jesus
 77408 | IceCv    | EmperorOfDune: it
 77408 | IceCv    | HA HA HA
 77408 | IceCv    | EmperorOfDune: HAHAHA
 77408 | IceCv    | Artagel: :D
 77408 | IceCv    | EmperorOfDune: oh mna
 77414 | IceCv    | Killed an Ice Fiend
 77414 | IceCv    | Reached skill level 16 in Unarmed Combat
 77415 | IceCv    | Artagel: 24.3 ogres collected
 77415 | IceCv    | EmperorOfDune: Noscope ogre harvesting
 77732 | IceCv    | Got an ichor-stained morningstar
 77828 | Spider:3 | nikheizen: Good amulet choice
 77860 | Spider:3 | Artagel: the perfect adornment for the pharoah
 78102 | Spider:3 | nikheizen: yes
 79187 | Spider:4 | Reached XP level 17. HP: 130/149 MP: 1/16
 79338 | Spider:4 | nikheizen: SH:0
 79339 | Spider:4 | nikheizen: what
 79339 | Spider:4 | EmperorOfDune: oh dear
 79747 | Spider:4 | Reached skill level 6 in Shields
 79919 | Spider:4 | aaaaaaaaaaaaaaaaaaaaaaaaaa
 80133 | Spider:4 | nikheizen: 2chains
 80481 | Spider:3 | nikheizen: i dont think you can punch that
 80553 | Spider:3 | EmperorOfDune: you can punch anything if you put your mind to it!
 80749 | Spider:4 | nikheizen: yes but sometimes it will punch you back harder
 80777 | Spider:3 | EmperorOfDune: Ah, but we have time by our side!
 80793 | Spider:3 | EmperorOfDune: We can punch forever!
 80827 | Spider:3 | nikheizen: [Punches eternally]
 81089 | Spider:3 | nikheizen: well shit
 81317 | Spider:4 | Reached skill level 7 in Shields
 81671 | Spider:5 | Entered Level 5 of the Spider Nest
 82036 | Spider:5 | Noticed Arachne
 82038 | Spider:5 | Artagel: just need to retry a couple of times until we get it right
 82046 | Spider:5 | nikheizen: big lady
 82178 | Spider:4 | ATATATATATATATATATATATA
 82223 | Spider:4 | Artagel: the shittiest teleport
 82223 | Spider:4 | Artagel: :D
 82738 | Spider:2 | Noticed Azrael
 82864 | Spider:2 | EmperorOfDune: Dicks
 82865 | Spider:2 | EmperorOfDune: have you SEEN the stuff implo found
 82871 | Spider:2 | Artagel: he has a live feed of the finest loot
 82874 | Spider:2 | EmperorOfDune: is the brooch of shielding allowed
 82878 | Spider:2 | senatorankhstrong: wait
 82878 | Spider:2 | senatorankhstrong: he actually found the brooch of silk
 82878 | Spider:2 | EmperorOfDune: aren't you watching his game
 82882 | Spider:2 | Killed Azrael
 83771 | Lair:6   | Reached skill level 8 in Shields
 83790 | Swamp:1  | Entered Level 1 of the Swamp
 83995 | Swamp:1  | EmperorOfDune: oh hey thorn hunter
 84022 | Swamp:1  | EmperorOfDune: one of the few enemies I'm glad they removed
 84033 | Swamp:1  | Artagel: :O
 84033 | Swamp:1  | Artagel: it's actually new for us too
 84033 | Swamp:1  | EmperorOfDune: This and shambling mangroves really tie swamp together in a horrible package
 84041 | Swamp:1  | EmperorOfDune: Defeated!
 84066 | Swamp:1  | Artagel: 20 ogres collected
 84742 | Swamp:1  | Got a pitted falchion
 84835 | Swamp:1  | EmperorOfDune: Heh, act 3
 84852 | Swamp:1  | EmperorOfDune: it really is
 85109 | Swamp:1  | nikheizen: Have you seen the abyss swamp end
 85109 | Swamp:1  | HA HA HA
 85252 | Swamp:1  | EmperorOfDune: if I have, I probably removed it
 85273 | Swamp:1  | nikheizen: It is a miracle of the universe
 85304 | Swamp:1  | nikheizen: Oh you play offline
 85329 | Swamp:1  | Artagel: that doesn't sound like a miracle
 85353 | Swamp:1  | EmperorOfDune: no I mean removed it from my mind.
 85360 | Swamp:1  | EmperorOfDune: It sounds awful
 85511 | Swamp:1  | nikheizen: It's like the pan orc end except in a higher "danger" branch.
 85533 | Swamp:1  | EmperorOfDune: oh that looks cool
 85545 | Swamp:1  | nikheizen: Plenty of very ugly things.
 85629 | Swamp:1  | EmperorOfDune: heh, distro hydras
 85637 | Swamp:2  | EmperorOfDune: casting hydra storm
 85648 | Swamp:2  | Reached skill level 9 in Shields
 85669 | Swamp:2  | Got a crude bardiche
 85676 | Swamp:2  | Identified the +4 bardiche of Weicwe {chop, Int+3} (You found it on level 2 of the Swamp)
 85800 | Swamp:2  | nikheizen: 9900 power liches
 86211 | Swamp:2  | Noticed Wiglaf
 86214 | Swamp:2  | nikheizen: i just realized that that is a hat and not a helmet with his eyes poking out
 86215 | Swamp:2  | Artagel: :D
 86217 | Swamp:2  | Artagel: pimped dwarf
 86220 | Swamp:2  | nikheizen: based swamp drake
 86225 | Swamp:2  | Artagel: !!!
 86225 | Swamp:2  | Artagel: ;_;
 86225 | Swamp:2  | nikheizen: 36-71!
 88200 | Swamp:4  | Reached skill level 10 in Shields
 88559 | Swamp:4  | EmperorOfDune: And here's the shit stopper
 88951 | Swamp:4  | Found a basalt altar of Yredelemnul.
 89242 | Swamp:4  | EmperorOfDune: Avenge me, brother!
 89242 | Swamp:4  | senatorankhstrong: IN ANKHS
 89242 | Swamp:4  | senatorankhstrong: UNITY AND STRENGTH
 89257 | Swamp:4  | Artagel: we shall return
 89282 | Swamp:4  | EmperorOfDune: well that was in fact really optimal
 89911 | Orc:1    | Bought a scroll of magic mapping for 66 gold pieces
 90397 | Spider:4 | EmperorOfDune: 42 OGRES
 90627 | Spider:5 | nikheizen: Did he kill the big girl
 90710 | Spider:5 | Artagel: biggest grill still alive
 90794 | Spider:5 | nikheizen: am i the only one who wants to fuck arachne
 90806 | Spider:5 | Artagel: yes
 90956 | Spider:5 | EmperorOfDune: I come back and you people want to fuck spidergirls
 90963 | Spider:5 | EmperorOfDune: good taste
 91089 | Spider:5 | nikheizen: Nice fakeout.
 91330 | Spider:4 | nikheizen: no no no
 91330 | Spider:4 | whooops!
 91342 | Spider:5 | nikheizen: this is bad
 91779 | Spider:5 | Reached skill level 11 in Shields
 93319 | Spider:5 | EUGH
 93381 | Spider:5 | Artagel: it was a bit weak but we're recovering
 93390 | Spider:5 | Artagel: slowly but surely
 93458 | Spider:5 | EmperorOfDune: one spider at a time
 93946 | Spider:5 | Reached XP level 18. HP: 102/157 MP: 17/17
 94670 | Spider:5 | nikheizen: Bad Emperor
 94866 | Spider:5 | Reached skill level 12 in Shields
 95261 | Spider:5 | EmperorOfDune: oh boy
 95262 | Spider:5 | EmperorOfDune: where did the second one come from
 95297 | Spider:5 | Artagel: random spawn
 95305 | Spider:5 | EmperorOfDune: son of a
 95307 | Spider:5 | Artagel: the mummy has time but the dungeon is getting restless
 95338 | Spider:4 | EmperorOfDune: ah, punch
 95344 | Spider:4 | EmperorOfDune: it gets the job done
 95344 | Spider:3 | nikheizen: Emps can do up to 60 damage in a turn
 95344 | Spider:4 | Artagel: yup
 95344 | Spider:4 | Artagel: we are being careful
 95344 | Spider:4 | EmperorOfDune: up to 60
 95344 | Spider:4 | nikheizen: Are you the guy who streams with dcks?
 95344 | Spider:4 | EmperorOfDune: but 14 AC
 95345 | Spider:4 | nikheizen: AC can roll 0
 95352 | Spider:4 | Artagel: well yes
 95741 | Spider:3 | EmperorOfDune: ah, you're the famous balls
 95907 | Spider:4 | EmperorOfDune: who was the third guy playing D2
 96038 | Spider:4 | Artagel: my younger brother
 96157 | Spider:4 | EmperorOfDune: I meant to ask in the chat, have you guys tried Zy-el
 96175 | Spider:4 | EmperorOfDune: mod for D2
 96225 | Spider:5 | EmperorOfDune: Zy-el is to D2 what furyband is to angband
 96628 | Spider:3 | EmperorOfDune: ;_;
 97459 | Spider:5 | EmperorOfDune: Implo's going in the cave!
 97826 | Spider:3 | nikheizen: It was the animal cave with the entrance vault
 97826 | Spider:3 | nikheizen: rip
 97826 | Spider:3 | EmperorOfDune: oh yes
 97826 | Spider:3 | EmperorOfDune: he's gonna need some serious good rolls not to die there
 98026 | Spider:4 | EmperorOfDune: or he could just go out
 98225 | Spider:5 | Artagel:
 82036 | Spider:5 | Noticed Arachne
 98225 | Spider:5 | Artagel: >Time 95992.7
 98405 | Spider:5 | Got a gossamer rune of Zot
 98406 | Spider:5 | EmperorOfDune: but he got the run at last!
 98522 | Spider:3 | EmperorOfDune: It took me 10 K turns to get the serpentine
 98691 | Spider:2 | EmperorOfDune: it takes a lot of time honestly
 98716 | Spider:2 | nikheizen: Snake:$ is the most tedious shit
 98745 | Spider:2 | nikheizen: even if you are diesel
 98825 | Spider:1 | nikheizen: Because there are at least 60 enemies in the rune vault
 98825 | Spider:1 | nikheizen: and sharpshooters don't care about your resists or ac
 98884 | Lair:6   | EmperorOfDune: well, I can't decide which branch sucks more
 98884 | Lair:6   | EmperorOfDune: but it's probably a tie between swamp and shoals
 98969 | Lair:3   | EmperorOfDune: anyway this was very educational!
 98993 | Lair:3   | EmperorOfDune: and it's 4 am!
 99024 | Lair:2   | EmperorOfDune: Please stop I want to sleep
 99077 | D:10     | Artagel: stopping literally any moment
 99077 | D:10     | Artagel: just annotating the plan(tm)
 99083 | D:10     | Artagel: LIES IN THE PLAN
 99086 | D:10     | senatorankhstrong: haha
 99086 | D:10     | senatorankhstrong: good night then!
 99086 | D:10     | Artagel: confirmed to be tumblr
 99086 | D:10     | Artagel: enjoy your stay
 99671 | D:15     | Noticed Rupert
 99946 | D:15     | Found a staircase to the Depths.
100040 | D:15     | Found Yminuxta's Jewellery Shoppe.
100048 | D:15     | Bought an uncursed ring of protection from fire for 375 gold pieces
101060 | D:14     | aaaaaaaaaaaaaaaaa
101365 | Vaults:1 | Entered Level 1 of the Vaults
101381 | D:13     | Reached skill level 17 in Unarmed Combat
102432 | Vaults:1 | Noticed Nikola
102554 | Vaults:1 | Reached skill level 9 in Stealth
103513 | Vaults:1 | Killed Nikola
104113 | Vaults:1 | Reached skill level 10 in Stealth
106252 | Vaults:1 | Reached XP level 19. HP: 124/163 MP: 17/17
106560 | Vaults:1 | Artagel: didn't want those fear anyway
108698 | Vaults:2 | omae wa mo
109310 | Vaults:2 | Reached skill level 18 in Unarmed Combat
109386 | Vaults:2 | Got a pair of heavily runed gloves
109390 | Vaults:2 | Identified the cursed +0 pair of gloves of Psiar {Str-1 Dex-3} (You found it on level 2 of the Vaults)
110339 | Vaults:2 | :<
112410 | Vaults:2 | Reached skill level 19 in Fighting
115116 | Vaults:2 | Found a staircase to the Crypt.
115129 | Crypt:1  | Entered Level 1 of the Crypt
115704 | Vaults:3 | Noticed Asterion
115782 | Vaults:3 | josefromcouch: Mennas when
115783 | Vaults:3 | senatorankhstrong: sometime!
115790 | Vaults:3 | Artagel: never
116250 | Vaults:3 | Reached skill level 20 in Fighting
117307 | Vaults:3 | Reached XP level 20. HP: 143/176 MP: 18/18
119808 | Vaults:3 | Reached skill level 21 in Fighting
122143 | Vaults:4 | josefromcouch: oh god
122143 | Vaults:4 | senatorankhstrong: THIS IS PERFECTLY FINE
122144 | Vaults:4 | josefromcouch: flashbacks of jackie wang
122565 | Vaults:2 | Artagel: ;_;
122574 | Vaults:2 | Artagel: PTSD from being hellfired
122985 | Crypt:1  | Reached skill level 13 in Shields
123795 | Crypt:1  | josefromcouch: What can we actually acquire?
123795 | Crypt:1  | Artagel: always acquire armor
123795 | Crypt:1  | Artagel: ??
123845 | Crypt:1  | josefromcouch: we could always use another ratskin cloak
125270 | Swamp:2  | Killed Wiglaf
125930 | Swamp:5  | Entered Level 5 of the Swamp
127187 | Swamp:5  | Reached skill level 14 in Shields
127618 | Swamp:5  | HA HA HA
128926 | Swamp:5  | Got a decaying rune of Zot
130007 | Elf:1    | Entered Level 1 of the Elven Halls
130167 | Elf:1    | Found a portal to a secret trove of treasure.
130307 | D:9      | Killed Erolcha
130480 | D:6      | Bought the +6 spear of the Botono {reap, rPois rN+ HP-6} for 1064 gold pieces
130762 | Elf:1    | You paid a toll of the spear of the Botono to enter a treasure trove
130763 | Trove    | Entered a treasure trove
130779 | Trove    | Got a crude silver ring
130785 | Trove    | Got a faintly glowing copper ring
130809 | Trove    | Got a steaming lapis lazuli ring
130837 | Trove    | Identified the ring of Baddyuz {rPois Int+3 Stlth+} (You found it in a treasure trove)
130838 | Trove    | Identified the ring "Kagibb" {Int+1 SInv} (You found it in a treasure trove)
130845 | Trove    | Identified the ring "Uvvircheghi" {Contam +Inv rElec rN+} (You found it in a treasure trove)
130848 | Trove    | Got a faintly glowing golden ring
130851 | Trove    | Identified the ring "Fotehom" {Str+3 Int-3 Stlth+} (You found it in a treasure trove)
131916 | Elf:2    | Reached XP level 21. HP: 183/186 MP: 19/19
133393 | Elf:3    | Entered Level 3 of the Elven Halls
134699 | Elf:3    | Reached skill level 19 in Unarmed Combat
135139 | Elf:3    | YAAAAAAAAAAAAAAAAAAARGGGAAAAAAA
135839 | Elf:3    | HA HA HA
138424 | Elf:3    | Artagel: NOOOOOOOOOOOOO
139461 | Elf:3    | M4edhros: why dont you have no god?
139482 | Elf:3    | Artagel: we dont believe in heresy
139529 | Elf:3    | Got a crude scimitar
139539 | Elf:3    | Artagel: the pharoah is his own god
139710 | Elf:3    | Got a warped quarterstaff
139710 | Elf:3    | Got a sparkling silver amulet
139801 | Elf:3    | Got a crystal whip
139809 | Elf:3    | Got a steaming hand axe
139899 | Elf:3    | BLOAX: suspicious
140355 | Crypt:2  | Found a shimmering altar of Xom.
140534 | Crypt:2  | Reached skill level 20 in Unarmed Combat
140567 | Crypt:2  | Noticed Sojobo
141019 | Crypt:2  | Noticed Jory
142112 | Crypt:3  | Entered Level 3 of the Crypt
142141 | Crypt:3  | Found a magical portal.
142164 | Crypt:3  | trelanon: time for fun
142344 | Crypt:3  | Artagel: HA HA
142364 | Crypt:3  | Artagel: time remains our plaything
142386 | Crypt:3  | trelanon: I don't think he can get there in time
142629 | Crypt:3  | trelanon: dear god
142641 | Crypt:3  | trelanon: oh also thanks for avenging me
142642 | WizLab   | Entered Wucad Mu's Monastery
142643 | WizLab   | Artagel: time for magic
142643 | WizLab   | senatorankhstrong: it is the duty of all mummies
142643 | WizLab   | senatorankhstrong: to look out for their brethren
142655 | WizLab   | trelanon: no hydra can resist fist
142675 | WizLab   | trelanon: except lerny, maybe
142893 | Crypt:3  | Artagel: NOPE
142934 | Crypt:3  | Artagel: wucad mu can keep his stuff
143410 | Crypt:3  | Reached XP level 22. HP: 189/194 MP: 19/19
143574 | Crypt:2  | Artagel: >spectral titan
144454 | Crypt:2  | Killed Jory
144793 | Crypt:2  | Killed Sojobo
145331 | Depths:1 | Entered Level 1 of the Depths
145687 | Depths:1 | Reached skill level 21 in Unarmed Combat
145768 | Depths:1 | Found a gateway to Hell.
145779 | Depths:1 | BEGONE KNAVE
146209 | D:15     | trelanon: for a very ugly thing it has a very pretty tile
146547 | Depths:1 | Found a gateway to a ziggurat.
147333 | Depths:1 | Noticed Saint Roka
148831 | Depths:1 | Killed Saint Roka
149115 | Depths:1 | Reached skill level 15 in Shields
149201 | Depths:1 | Noticed Agnes
149222 | Depths:1 | Killed Agnes
149232 | Depths:1 | Artagel: ALERTED
149552 | Depths:1 | Noticed Jorgrun
149915 | Depths:1 | AAAAA: important door
150008 | Depths:1 | Artagel: jorgruns secret door
150183 | Depths:1 | Reached skill level 11 in Dodging
150925 | Depths:2 | Artagel: the flame of udun
151137 | Depths:2 | Artagel: the dark fire did not avail him
151906 | Depths:2 | Reached skill level 12 in Dodging
152734 | Depths:2 | HA HA HA
153262 | Depths:2 | Reached XP level 23. HP: 193/200 MP: 20/20
153366 | Depths:2 | Reached skill level 13 in Dodging
154719 | Depths:1 | trelanon: >55 health
154725 | Depths:1 | trelanon: >he punches it anyway
154733 | Depths:1 | trelanon: ABSOLUTE MADMAN
154867 | Depths:2 | Artagel: 2safe
154886 | Depths:2 | Artagel: surely it cant roll 100% base damage hit
154904 | Depths:2 | Artagel: through our rock solid 12ac
155435 | Depths:2 | Got a pair of faintly humming boots
155437 | Depths:2 | Identified the cursed +1 pair of boots of the Wild Haggis {+Blink} (You found it on level 2 of the Depths)
155524 | Depths:2 | Artagel: itsliterallynothing.png
155721 | Depths:2 | Reached skill level 14 in Dodging
157332 | Depths:3 | Noticed Mennas
157332 | Depths:3 | trelanon: every unknown tile is a distortion agnes
157332 | Depths:3 | trelanon: every halo is a mennas
157368 | Depths:3 | trelanon: I BELIEVE
158048 | Vaults:3 | AAAAA: is stealth allowed in this?
158263 | Vaults:3 | Artagel: well sure
158383 | Vaults:2 | Artagel: UC is kinda loud in the first place
158600 | Vaults:3 | AAAAA: is it
158610 | Vaults:2 | trelanon: well, sure
158782 | Vaults:3 | Artagel: it's the loudest form of weapon combat
158784 | Vaults:3 | trelanon: ATATATATATATATATA is pretty loud
158787 | Vaults:2 | AAAAA: is there flavor text for kiais
158910 | Vaults:3 | OUT PLAYED
158910 | Vaults:3 | Artagel: startscumming successful
158936 | Vaults:3 | Killed Asterion
159333 | Vaults:3 | trelanon: you know, implo found a hat of Rcorr
159354 | Vaults:3 | trelanon: and taht was his ticket for slime
159374 | Vaults:3 | Artagel: I believe in us finding enough torment
159377 | Vaults:3 | trelanon: can that happen in .15 too?
159382 | Vaults:3 | trelanon: Can you find a randart aux with Rcorr?
159388 | Vaults:3 | timbw: 0.15
159393 | Vaults:3 | timbw: cool
159406 | Vaults:3 | Reached skill level 15 in Dodging
159520 | Vaults:3 | senatorankhstrong: nah it doesn't show up
159545 | Vaults:3 | AAAAA: link the stream please
159573 | Vaults:3 | trelanon: http://www.hitbox.tv/dckn
160409 | Vaults:4 | Got a pair of jewelled boots
160413 | Vaults:4 | Identified the +1 pair of boots of Higak {+Rage +Inv MR+} (You found it on level 4 of the Vaults)
160414 | Vaults:4 | trelanon: well, MR is decent
160540 | Vaults:4 | Artagel: X - +1 pair of boots "Vabackyv" {rF+ rC+ rN+ MR++ SInv}
160540 | Vaults:4 | Artagel: ;_;
160883 | Vaults:4 | trelanon: yes
160891 | Vaults:4 | trelanon: corpses can be moved
160909 | Vaults:4 | Artagel: merely 85
160910 | Vaults:4 | AAAAA: danger
160910 | Vaults:4 | trelanon: EVERY TIME
160910 | Vaults:4 | AAAAA: just risk it man
160910 | Vaults:4 | AAAAA: you'll get away with it ;^)
160912 | Vaults:4 | trelanon: Hm.
161409 | Vaults:4 | Reached skill level 11 in Stealth
161507 | Vaults:4 | Artagel: the final death is averted
161715 | Vaults:5 | Entered Level 5 of the Vaults
161716 | Vaults:5 | trelanon: w-what
161716 | Vaults:5 | hi
161716 | Vaults:5 | trelanon: why did you do taht
161716 | Vaults:5 | Artagel: this isn't vaults:4
161716 | Vaults:5 | trelanon: for what purpose
161716 | Vaults:5 | comborobin: IMMOLATE
161719 | Vaults:4 | trelanon: wait, we're not going up?
161721 | Vaults:4 | trelanon: oh we are. Good.
161728 | Vaults:4 | Artagel: slight blunder
161746 | Vaults:4 | trelanon: that could have been horrible
161763 | Vaults:4 | trelanon: oh man
161763 | Vaults:4 | trelanon: that fountain resembles a frog
161763 | Vaults:4 | trelanon: the fountain room
161763 | Vaults:4 | trelanon: that's adorable
162639 | Depths:4 | Found a one-way gate to the infinite horrors of the Abyss.
162675 | Depths:4 | Reached XP level 24. HP: 208/208 MP: 20/20
162689 | Depths:4 | Reached skill level 12 in Stealth
164578 | Depths:4 | Reached skill level 13 in Stealth
164716 | Depths:4 | fotsohgehT: just drop it into one of the holes
164769 | Depths:4 | trelanon: but then you'd lose precious xp
164772 | Depths:4 | Artagel: the ogres of experience
165178 | Depths:4 | trelanon: heh
165183 | Depths:4 | trelanon: tabtabtabtab
165650 | Depths:4 | comborobin: when did FSM get green?
165870 | Depths:4 | Artagel: wasn't it in 0.14 sometime
166936 | Depths:4 | Got a steaming golden amulet
166943 | Depths:4 | Identified the amulet of Saucoy {Ward rN+ Str+2 Dex+4 Int+3} (You found it on level 4 of the Depths)
167367 | Depths:5 | Entered Level 5 of the Depths
168025 | Depths:5 | trelanon: man, the iron dragon tile is just
168047 | Depths:4 | trelanon: it's like a swan dragon
168214 | Depths:5 | Found a gate to the Realm of Zot.
168300 | Depths:5 | Vidiiot: The swan is the only bird with a penis
168442 | Depths:5 | trelanon: what about the duck
168475 | Depths:5 | Found a one-way gate leading to the halls of Pandemonium.
169149 | Depths:5 | Vidiiot: Duck?
169170 | Depths:5 | trelanon: good advice
169182 | Depths:5 | trelanon: hmmm
169182 | Depths:5 | trelanon: HMMMM
169715 | Depths:5 | Found a corrupted altar of Lugonu.
170561 | Depths:4 | Reached skill level 22 in Fighting
170696 | Depths:4 | comborobin: uh oh
170704 | Depths:4 | comborobin: I suggest you somehow avoid dying
170861 | Depths:4 | comborobin: cause is can't be good for your health
170872 | Depths:5 | Artagel: the level of fraud is being kept at a reasonable level
170895 | Depths:4 | Artagel: within the margins
171339 | Depths:5 | Noticed Boris
171826 | Depths:5 | comborobin: do you know about shift-X ctrl-f?
172091 | Lair:1   | comborobin: it lets you autoexplore again
172199 | Lair:4   | comborobin: to be more confident there are no monsters left
172253 | Lair:5   | Killed a four-headed hydra
172516 | Spider:4 | Killed Arachne
172840 | Spider:2 | Killed Norris
173178 | D:12     | Killed Josephine
173500 | Depths:4 | Voluntarily entered the Abyss.
173677 | Abyss:2  | Found a roughly hewn altar of Beogh.
173684 | Abyss:2  | Found a roughly hewn altar of Beogh.
173956 | Abyss:2  | trelanon: jesus christ that was scary
173956 | Abyss:2  | senatorankhstrong: but it was fine!
173974 | Abyss:2  | trelanon: please don't die
173974 | Abyss:2  | trelanon: I refuse to watch
173975 | Abyss:2  | HP: 16/212 [scroll of holy word (14)]
173980 | Abyss:2  | AAAAA: just holy word
173980 | Abyss:2  | AAAAA: bone dragon is already back to normal
173980 | Abyss:2  | HP: 6/212 [scroll of holy word (4)]
173981 | Abyss:2  | Artagel: HAHAHAH
174436 | Abyss:2  | HA HA HA
174584 | Abyss:2  | trelanon: YOU DID IT
174588 | Abyss:2  | Artagel: doubting the pharaoh trelanon
174611 | Abyss:2  | trelanon: I hate watching MuMos die
174629 | Abyss:2  | Paralysed by accursed screaming for 2 turns
174963 | Abyss:2  | Found a corrupted altar of Lugonu.
175178 | Abyss:3  | Found a corrupted altar of Lugonu.
175297 | Abyss:3  | Found a corrupted altar of Lugonu.
175813 | Abyss:3  | Reached skill level 23 in Fighting
175828 | Abyss:3  | Found a corrupted altar of Lugonu.
175988 | Abyss:3  | Reached XP level 25. HP: 221/221 MP: 20/20
176000 | Abyss:3  | trelanon: Rune!
176017 | Abyss:3  | Got an abyssal rune of Zot
176134 | Abyss:3  | trelanon: Also that is a great use of a lurking horror
176237 | Abyss:3  | Noticed an ancient lich
176247 | Abyss:3  | Killed an ancient lich
176498 | Abyss:3  | Found a burning altar of Makhleb.
176539 | Depths:4 | Escaped the Abyss
176554 | Depths:4 | senatorankhstrong: calling it a night on here!
177245 | Crypt:3  | Found a staircase to the Tomb.
177932 | Crypt:3  | Got a crude robe
178019 | Crypt:3  | trelanon: Haha, time for MuMo
178032 | Crypt:3  | senatorankhstrong: time for runes!
179552 | Crypt:3  | Got an encrusted leather armour
179650 | Crypt:3  | Reached skill level 22 in Unarmed Combat
179851 | Crypt:3  | Artagel: the pharaoh endures the trials
179888 | Crypt:3  | trelanon: fist stronk
180208 | Crypt:3  | trelanon: stuck between a rock and a hard place
180211 | Crypt:3  | Artagel: what
180365 | Crypt:2  | trelanon: jiganshi are pretty harsh
180365 | Crypt:2  | trelanon: and revenants are revenants
180365 | Crypt:2  | trelanon: those annotations are killing me
180365 | Crypt:2  | Artagel: it is a well documented quest
180416 | Crypt:3  | trelanon: Hm, maybe they're not that strong
180435 | Crypt:3  | trelanon: I remember implo having a lot of problems with them
180458 | Crypt:2  | Artagel: they are really strong tbh
180459 | Crypt:2  | trelanon: ah good
180561 | Crypt:3  | IT TENDS TO DWELL ALONE
180890 | Crypt:3  | Artagel: every tile is a revenant
181504 | Crypt:1  | Artagel: >spectral anaconda
181514 | Crypt:1  | Artagel: >spectral anaconda
181637 | Crypt:2  | Gravenous: tbh revenant tiles are awesome
181663 | Crypt:2  | Gravenous: look at that gorgeous thing
182094 | Crypt:2  | trelanon: they are pretty great, yeah.
182594 | Crypt:3  | trelanon: punch punch kick punch
183340 | Crypt:3  | Artagel: cleansed
183351 | Crypt:3  | trelanon: MASTER OF UNDEATH
183359 | Crypt:3  | Artagel: EVERY TIME
183473 | Crypt:3  | Artagel: EVERY TILE
183473 | Crypt:3  | Artagel: IS
183473 | Crypt:3  | Artagel: A
183473 | Crypt:3  | Artagel: REVENANT
183575 | Crypt:2  | trelanon: okay so, MuMo guide
183586 | Crypt:3  | trelanon: Every unknown tile in depths is distortion agnes
183588 | Crypt:3  | trelanon: every halo is mennas
183597 | Crypt:3  | trelanon: everything in crypt is revenants
183808 | Crypt:2  | trelanon: EVEN THE WALLS ARE REVENANTS
183922 | Crypt:3  | Artagel: !
184851 | Crypt:3  | trelanon: well at least they don't leave corpses
184976 | Crypt:3  | trelanon: why did they ever remove picking up corpses, it's awful
185522 | Crypt:3  | ;_;
185537 | Crypt:3  | Found an ancient bone altar of Kikubaaqudgha.
185538 | Crypt:3  | Noticed a greater mummy
185539 | Crypt:3  | BROTHER
185597 | Crypt:3  | HAVE AT THEE
185605 | Crypt:3  | FOUL TRICKERIES!
185614 | Crypt:3  | Killed a greater mummy
185692 | Crypt:3  | Found a basalt altar of Yredelemnul.
186023 | Tomb:1   | Entered Level 1 of the Tomb of the Ancients
186085 | Tomb:1   | trelanon: HE RETURNS HOME
186671 | Tomb:1   | HA HA HA
186821 | Tomb:1   | trelanon: It's a close circle
186848 | Tomb:1   | trelanon: HE PUNCHES
186856 | Tomb:1   | trelanon: HE FISTS
186893 | Tomb:1   | no
188459 | Tomb:1   | Reached skill level 23 in Unarmed Combat
188801 | Tomb:1   | trelanon: Our bretheren are impure, they dabble in filthy magics
188924 | Tomb:1   | josefromcouch: apostates, the whole lot
188927 | Tomb:1   | Artagel: uc stabbing folks
188930 | Tomb:1   | Artagel: be amazed
189068 | Tomb:1   | trelanon: the pharaoh can
189498 | Tomb:1   | Reached skill level 1 in Spellcasting
189519 | Tomb:1   | trelanon: spellcasting?
189534 | Tomb:1   | Artagel: more restore uses!
189540 | Tomb:1   | trelanon: Ooooh
189550 | Tomb:1   | trelanon: smart move.
189571 | Tomb:1   | trelanon: don't wanna get brainless
189577 | Tomb:1   | Artagel: !!
189577 | Tomb:1   | josefromcouch: panic
189589 | Tomb:1   | trelanon: it's always distortion
189799 | Tomb:1   | josefromcouch: pharaoh proves that with enough devotion, one can even outrun death
189906 | Tomb:1   | Reached skill level 2 in Spellcasting
190000 | Tomb:1   | trelanon: >somethign just walked over your grave
190445 | Tomb:2   | HP: 7/221 [jiangshi[a greater mummy] (16)]
190445 | Tomb:2   | Slain by a jiangshi

Vanquished Creatures
  An ancient lich (Abyss:3)
  A greater mummy (Tomb:1)
  Saint Roka (Depths:1)
  Sojobo (Crypt:2)
  Norris (Spider:2)
  Jory (Crypt:2)
  2 bone dragons
  Nikola (Vaults:1)
  Arachne (Spider:4)
  3 tentacled monstrosities
  Asterion (Vaults:3)
  An Ice Fiend (IceCv)
  5 titans
  3 deep elf blademasters
  4 deep elf master archers (Elf:3)
  12 sphinxes
  2 tentacled starspawn
  An octopode crusher (Depths:1)
  10 ancient champions
  3 liches
  Agnes (Depths:1)
  A thorn hunter (Swamp:1)
  4 storm dragons
  7 revenants
  3 spectral weapons (Vaults:3)
  A shadow dragon (Depths:4)
  4 frost giants
  2 greater nagas (Depths:2)
  7 fire giants
  9 deep elf sorcerers
  4 tengu reavers
  Wiglaf (Swamp:2)
  5 ghost moths
  A draconian scorcher (Depths:5)
  2 iron dragons (Depths:5)
  A cacodemon (Abyss:3)
  8 emperor scorpions
  14 vault wardens
  7 ghouls (Crypt:3)
  3 balrugs
  A draconian annihilator (Abyss:3)
  2 spriggan defenders (Depths:4)
  3 deep elf demonologists
  3 reapers
  A war gargoyle (Depths:3)
  A green draconian (Depths:2)
  18 very ugly things
  2 grey draconians (Depths:5)
  14 stone giants
  Azrael (Spider:2)
  6 deep elf annihilators (Elf:3)
  4 vampire knights
  A yellow draconian (Depths:4)
  3 black draconians (Depths:2)
  A pale draconian (shapeshifter) (Elf:3)
  A white draconian (Depths:5)
  8 dire elephants
  2 blizzard demons (Depths:2)
  2 unborn (Tomb:1)
  4 ettins
  2 eidola (Crypt:3)
  Snorg (Lair:5)
  4 crystal guardians (Depths:3)
  2 minotaurs
  9 vault guards
  10 mummy priests (Tomb:1)
  A merfolk javelineer (Depths:1)
  12 fire dragons
  11 ironheart preservers
  11 deep elf death magi
  Josephine (D:12)
  17 jiangshi
  15 yaktaur captains
  3 deep elf high priests
  20 ogre magi
  11 ghost crabs
  A ghost crab (shapeshifter) (Depths:3)
  6 ice dragons
  6 great orbs of eyes
  15 hydras
  2 spriggan air magi (Depths:5)
  An anaconda (shapeshifter) (Depths:3)
  3 deep troll earth magi
  8 alligators
  3 death knights
  5 tengu warriors
  A ravenous item mimic (Depths:3)
  A satyr (shapeshifter) (Depths:3)
  8 rakshasas
  A death yak (shapeshifter) (Depths:3)
  6 thrashing horrors
  A spectral stone giant (Crypt:3)
  22 death yaks
  4 dancing weapons
  2 spriggan berserkers (Depths:5)
  13 deep troll shamans
  2 spectral frost giants
  13 centaur warriors
  3 sun demons
  Urug (D:11)
  6 spriggans
  8 vampire magi
  2 catoblepae (Depths:2)
  6 soul eaters
  3 fire crabs
  3 orc high priests
  3 wretched stars (Abyss:3)
  6 hell knights (Depths:4)
  2 fire crabs (shapeshifter)
  A golden dragon zombie (Crypt:3)
  8 large abominations
  22 deep elf knights
  A hell beast (Tomb:2)
  6 ice devils
  A ghost moth zombie (Crypt:1)
  3 giant orange brains
  13 iron trolls
  6 unseen horrors
  37 skeletal warriors
  2 shadow demons (Depths:2)
  3 spriggan druids
  3 shadow wraiths
  15 deep elf summoners
  2 swamp dragons
  2 lindwurms
  Erolcha (D:9)
  A giant orange brain (shapeshifter) (Depths:3)
  22 orc knights
  An anaconda zombie (Crypt:3)
  A spectral hydra (Crypt:3)
  13 ironbrand convokers
  3 ice statues (IceCv)
  2 wizards
  11 hill giants
  11 harpies
  18 orb spiders
  2 anaconda skeletons
  58 ugly things
  13 deep elf conjurers
  6 flayed ghosts
  A shadow dragon skeleton (Crypt:3)
  An oklob plant (Lair:5)
  39 wolf spiders
  10 red wasps
  28 deep trolls
  A harpy (shapeshifter) (Vaults:2)
  6 necromancers
  A salamander (Depths:1)
  5 orc sorcerers
  A faun (shapeshifter) (Depths:3)
  10 griffons
  A fire giant zombie (Depths:1)
  A black mamba (shapeshifter) (Vaults:2)
  A shining eye (shapeshifter) (Depths:1)
  3 sixfirhies
  A moth of wrath (Spider:3)
  4 worldbinders (Abyss:3)
  A moth of wrath (shapeshifter) (D:15)
  2 apocalypse crabs (Abyss:2)
  A stone giant skeleton (Vaults:2)
  12 vault sentinels
  2 manticores (D:13)
  5 black mambas
  8 cyclopes
  An elephant (shapeshifter) (Vaults:3)
  A mermaid (shapeshifter) (Depths:2)
  Joseph (D:10)
  30 elephants
  A fire giant skeleton (Tomb:1)
  A smoke demon (Depths:2)
  9 phantasmal warriors
  A torpor snail (shapeshifter) (Elf:1)
  3 orange demons
  4 torpor snails
  A feature mimic (Swamp:2)
  2 octopodes (shapeshifter)
  A tormentor (Abyss:3)
  An emperor scorpion zombie (Crypt:3)
  4 molten gargoyles
  4 swamp worm zombies (Swamp:5)
  An elephant slug zombie (Crypt:2)
  A gargoyle (D:12)
  26 spiny frogs
  43 yaktaurs
  An efreet (D:13)
  A grey draconian zombie (Crypt:2)
  2 anaconda simulacra (IceCv)
  An iron devil (Abyss:3)
  A storm dragon simulacrum (Vaults:3)
  A yellow draconian zombie (Crypt:2)
  4 kobold demonologists
  2 spriggan skeletons (Depths:1)
  4 blue devils (IceCv)
  An elf (shapeshifter) (Vaults:4)
  6 hellwings
  9 trolls
  15 demonic crawlers
  15 deep elf priests
  2 hydra zombies (Swamp:5)
  Grinder (D:4)
  26 guardian mummies
  3 ancient zymes
  A harpy zombie (Crypt:2)
  A tengu conjurer (Depths:1)
  An iron troll skeleton (Crypt:1)
  2 golden dragon simulacra
  7 fire drakes
  11 komodo dragons
  18 freezing wraiths
  5 polar bears (Lair:8)
  A red devil (Depths:1)
  2 silent spectres
  7 baby alligators
  10 giant leeches
  27 blink frogs
  2 polar bears (shapeshifter)
  7 spectral swamp dragons (Swamp:5)
  3 wind drakes (Depths:3)
  32 two-headed ogres
  39 jumping spiders
  60 slime creatures
  22 ravens
  A spriggan zombie (Depths:1)
  A hydra skeleton (Abyss:2)
  A fire dragon zombie (Abyss:2)
  8 basilisks
  34 trapdoor spiders
  9 bog bodies
  9 boulder beetles
  3 alligator zombies (Swamp:5)
  A satyr skeleton (Crypt:3)
  12 vampires
  A griffon skeleton (Crypt:2)
  27 tarantellas
  An ice dragon zombie (Crypt:3)
  60 redbacks
  7 ynoxinuls
  12 raiju
  11 flying skulls
  A hill giant zombie (D:13)
  7 water elementals
  9 hogs (Lair:8)
  An ettin skeleton (Crypt:3)
  77 yaks
  A human (shapeshifter) (Vaults:4)
  11 shadows
  3 fire bats (Depths:1)
  A golden eye (Lair:8)
  5 fire elementals
  A redback (shapeshifter) (Depths:3)
  4 hungry ghosts
  Eustachio (D:9)
  13 hippogriffs
  3 air elementals
  A wyvern (D:15)
  30 deep elf fighters
  A golden eye (shapeshifter) (Vaults:2)
  17 wraiths
  Grum (Orc:2)
  33 deep elf magi
  48 vampire mosquitoes
  2 hill giant skeletons
  10 wargs
  3 harpy simulacra (IceCv)
  3 hydra simulacra (IceCv)
  A chaos spawn (Tomb:1)
  8 neqoxecs
  A putrid demonspawn zombie (Crypt:2)
  A tengu zombie (D:12)
  25 water moccasins
  19 swamp worms
  Menkaure (D:4)
  2 spatial vortices
  38 wolves
  A soldier ant (D:15)
  9 hell hounds
  6 yellow wasps
  A tengu skeleton (D:12)
  A mottled dragon (D:13)
  A faun skeleton (Crypt:1)
  A spider (shapeshifter) (Depths:4)
  6 swamp drakes
  6 small abominations
  13 porcupines
  8 black bears
  6 swamp dragon zombies
  A baby alligator skeleton (Crypt:2)
  2 ettin simulacra
  45 spiders
  70 orc warriors
  19 ice beasts
  6 sky beasts
  A snapping turtle zombie (Crypt:1)
  78 ogres
  2 necrophages (Crypt:3)
  7 phantoms
  15 boggarts
  26 crocodiles
  3 big kobolds
  7 boring beetles
  A lost soul (Elf:3)
  18 centaurs
  A mermaid skeleton (Crypt:1)
  A boring beetle (shapeshifter) (Vaults:3)
  A yaktaur zombie (Vaults:2)
  A cyclops zombie (D:12)
  5 brain worms (Lair:8)
  A komodo dragon skeleton (Crypt:3)
  16 giant frogs
  2 earth elementals (Depths:3)
  A yaktaur skeleton (Crypt:1)
  9 scorpions
  25 insubstantial wisps
  A cyclops skeleton (D:12)
  A gnoll sergeant (Orc:4)
  2 boulder beetle zombies
  A hippogriff zombie (D:9)
  An eye of draining (shapeshifter) (Elf:2)
  A troll zombie (Crypt:1)
  14 killer bees
  A raiju zombie (Crypt:3)
  8 wights
  7 electric eels
  2 goliath beetles (D:10)
  A troll skeleton (D:12)
  5 crimson imps
  A giant frog zombie (D:12)
  A wolf zombie (Orc:2)
  5 jellies
  An iron imp (Abyss:2)
  41 orc priests
  13 starcursed masses
  21 hounds
  3 quasits
  A demonspawn zombie (Crypt:1)
  4 human skeletons
  6 human zombies
  18 iguanas
  2 centaur zombies
  12 worker ants
  2 elf skeletons
  A giant frog skeleton (Crypt:2)
  41 orc wizards
  17 sheep
  A troll simulacrum (D:12)
  A two-headed ogre skeleton (D:8)
  A basilisk skeleton (D:12)
  5 orange rats
  A big kobold zombie (Crypt:2)
  A crocodile zombie (Crypt:3)
  A mottled dragon zombie (D:12)
  A big kobold skeleton (Crypt:1)
  3 ogre zombies
  A hound zombie (D:8)
  25 mummies
  A spectral halfling (Crypt:1)
  14 gnolls
  47 green rats
  A worker ant zombie (D:11)
  33 adders
  6 shadow imps
  A swamp drake zombie (Swamp:5)
  A giant mite (D:5)
  4 white imps
  3 ufetubi
  20 worms
  An orc skeleton (D:11)
  6 giant geckos
  2 oozes
  304 orcs
  22 bats
  A bat zombie (Crypt:1)
  9 giant cockroaches
  34 goblins
  18 hobgoblins
  16 jackals
  8 quokkas
  3 ball pythons
  5 giant newts
  A giant newt skeleton (Crypt:3)
  3 giant spores
  A jackal zombie (Crypt:2)
  30 kobolds
  A kobold (shapeshifter) (Depths:3)
  A kobold zombie (D:5)
  A lurking horror (Abyss:3)
  11 orc zombies
  17 rats
  2 rat skeletons
  4 ballistomycetes
  3 crawling corpses
  16 fungi
  A macabre mass (Elf:3)
  14 plants
3383 creatures vanquished.

Vanquished Creatures (collateral kills)
  A wight (Crypt:3)
1 creature vanquished.

Vanquished Creatures (others)
  A greater mummy (Crypt:3)
  A tengu reaver (Abyss:3)
  A fire giant (Depths:4)
  An orb spider (Spider:3)
  7 ball lightnings (Depths:3)
  A deep elf knight (Elf:2)
  A large abomination (Abyss:3)
  An unseen horror (D:13)
  An elephant (shapeshifter) (Depths:3)
  A fire drake (shapeshifter) (Depths:3)
  A jumping spider (Spider:3)
  An air elemental (Depths:3)
  A redback (Spider:5)
  2 deep elf fighters
  3 porcupines (Lair:5)
  A swamp drake (Swamp:2)
  An ogre (Depths:2)
  13 lost souls
  An earth elemental (Depths:3)
  An electric eel (D:14)
  A hound (Lair:8)
  An orc (Orc:3)
  A kobold (D:13)
  3 giant spores
  A lurking horror (Abyss:3)
  2 ballistomycetes (D:14)
  2 crawling corpses
  27 fungi
  23 plants
  4 starspawn tentacles
  A starspawn tentacle segment (Abyss:2)
  6 toadstools (Swamp:1)
113 creatures vanquished.

Grand Total: 3497 creatures vanquished
